 Dungeon Crawl Stone Soup version 0.31-a0-217-g58bb5d79cf (webtiles) character file.

Game seed: 8918197358378408921

411839 qw the Impregnable (level 23, -1/160 HPs)
             Began as a Gargoyle Fighter on July 3, 2023.
             Was a High Priest of Okawaru.
             Killed by a malign offering
             ... invoked by a deep elf high priest
              (7 damage)
             ... on level 5 of the Vaults.
             The game lasted 00:33:29 (56927 turns).

qw the Impregnable (Gargoyle Fighter)              Turns: 56927, Time: 00:33:30

Health: -1/160     AC: 68    Str: 30    XL:     23   Next: 52%
Magic:  1/30       EV: 13    Int: 13    God:    Okawaru [*****.]
Gold:   1125       SH: 20    Dex:  9    Spells: 22/22 levels left

rFire   + . .        Y - +5 broad axe (heavy)
rCold   + . .        f - +0 tower shield
rNeg    + . .        D - +8 crystal plate armour "Vyimemp" {rElec rC+}
rPois   inf          t - +1 helmet of Leosoy {+Inv Regen+ Str+3 Stlth+}
rElec   +            p - +2 cloak {Stlth+}
rCorr   .            q - +2 pair of gloves {infuse}
SInv    .            u - +2 pair of boots
Will    +....        v - amulet of faith Stlth
                     r - ring of the Brewing Hero {rF+ Slay+4 Stlth+}
HPRegen 1.26/turn    b - +5 ring of evasion
MPRegen 0.22/turn

%: faith, infuse magic (1 MP)
@: about to teleport, finesse-ful, marked, flying
A: sickness immunity, AC +17, big wings, negative energy resistance 1,
electricity resistance, torment resistance 1, petrification resistance
}: 2/15 runes: barnacled, gossamer
a: Renounce Religion, Evoke Invisibility, Heroism, Finesse, Duel


You were on level 5 of the Vaults.
You worshipped Okawaru.
Okawaru was extremely pleased with you.
You visited 8 branches of the dungeon, and saw 40 of its levels.
You visited the Abyss 1 time.

You collected 5538 gold pieces.
You spent 4413 gold pieces at shops.


Innate Abilities, Weirdness & Mutations

You are immune to sickness and miasma.
Your stone body is resilient. (AC +17)
You are immune to poison.
Your large and strong wings let you fly.
You resist negative energy. (rN+)
You are resistant to electric shocks. (rElec)
You are resistant to unholy torment.
You are immune to petrification.


   Skills:
 - Level 21.0 Fighting
 - Level 18.0 Axes
 + Level 11.3 Throwing
 - Level 22.0 Armour
 - Level 5.1 Dodging
 - Level 21.0 Shields
 - Level 10.0 Invocations


You had 22 spell levels left.
You didn't know any spells.
Your spell library was empty.

Inventory:

Hand Weapons
 Y - a +5 heavy broad axe (weapon)
Missiles
 j - 20 javelins (quivered)
 G - 8 silver javelins
Armour
 f - a +0 tower shield (worn)
 p - a +2 cloak of stealth (worn)
 q - a +2 pair of gloves of infusion (worn)
 t - the +1 helmet of Leosoy (worn) {+Inv Regen+ Str+3 Stlth+}
   (You found it on level 2 of the Depths)

   Str:       It affects your strength (+3).
   +Inv:      It lets you turn invisible.
   Regen:     It increases your rate of health regeneration.
   Stlth:     It makes you more stealthy.
 u - a +2 pair of boots (worn)
 x - the +3 Mad Mage's Maulers {Infuse+∞ VampMP -Cast}
   (You found it on level 4 of the Spider Nest)

   Infuse+∞: It empowers its wearer's blows with all of their magic.
   VampMP:    Blows struck in melee replenish the wearer's magic.
   -Cast:     It prevents spellcasting.
 D - the +8 crystal plate armour "Vyimemp" (worn) {rElec rC+}
   (Okawaru gifted it to you on level 3 of the Vaults)

   rC:        It protects you from cold.
   rElec:     It insulates you from electricity.
Jewellery
 b - a +5 ring of evasion (right hand)
 g - a ring of protection from cold
 r - the ring of the Brewing Hero (left hand) {rF+ Slay+4 Stlth+}
   (You found it on level 2 of the Shoals)

   [ring of slaying]

   Slay:      It affects your accuracy & damage with ranged weapons and melee
   (+4).
   rF:        It protects you from fire.
   Stlth:     It makes you more stealthy.
 v - an amulet of faith (around neck)
 w - a ring of protection from cold
 y - an amulet of reflection
 B - the ring "Tevamn" {rElec rCorr Int+6}
   (You bought it in a shop on level 1 of the Depths)

   [ring of intelligence]

   Int:       It affects your intelligence (+6).
   rElec:     It insulates you from electricity.
   rCorr:     It protects you from acid and corrosion.
 I - a ring of fire
 J - a ring of resist corrosion
Wands
 e - a wand of digging (8)
Scrolls
 c - 5 scrolls of teleportation
 i - 33 scrolls of identify
Potions
 a - 9 potions of mutation
 d - 6 potions of might
 h - a potion of resistance
 k - 6 potions of cancellation
 l - 10 potions of magic
 m - 6 potions of haste
 n - 5 potions of enlightenment
 o - 9 potions of attraction
 A - 10 potions of lignification
 C - 8 potions of curing

Dungeon Overview and Level Annotations

Branches:
Dungeon (15/15)            Temple (1/1) D:4            Lair (5/5) D:8
 Shoals (4/4) Lair:3       Spider (4/4) Lair:3        Slime (0/5) Lair:4
    Orc (2/2) D:12            Elf (0/3) Orc:2        Vaults (5/5) D:14
  Crypt (0/3) Vaults:2     Depths (4/4) D:15            Zot (0/5) Depths:4

Altars:
Ashenzari
Cheibriados
Dithmenos
Elyvilon
Fedhas
Gozag
Hepliaklqana
Kikubaaqudgha
Makhleb
Nemelex Xobeh
Okawaru
Qazlal
Ru
Sif Muna
Trog
Uskayaw
Vehumet
Wu Jian
Xom
Yredelemnul
Zin
The Shining One
Jiyva

Shops:
D:5 :   D:7 [   D:8 ?   Orc:2 ::[*   Shoals:3 *   Vaults:3 (   Vaults:5 [
Depths:1 =   Depths:4 *

Portals:
Hell: Depths:1 Depths:2 Depths:3 Depths:4
Abyss: Depths:2 Depths:3
Pandemonium: Depths:2 Depths:4
Ziggurat: Depths:2
Trove: D:12 (give horn of Geryon)

Annotations:
D:8 4 transporters
D:9 1 runed translucent door
D:10 3 runed translucent doors
D:13 3 runed translucent doors, qw's ghost, journeyman GrFi
Lair:1 3 runed translucent doors, qw's ghost, journeyman GrFi
Vaults:2 2 transporters
Depths:4 2 transporters, qw's ghost, veteran GrFi


Message History

56921 ||| READING 7 scrolls of teleportation.
As you read the scroll of teleportation, it crumbles to dust.
You feel strangely unstable.
The sphinx mumbles some strange words.
Something smites you!
A deep elf death mage comes into view. It is wielding a +0 long sword.
A titan comes into view.
You block the sphinx's attack. The sphinx barely misses you.
The sphinx completely misses you.
Enter note:
Enter note:
Enter note: You barely miss the sphinx.
You slice the ettin!! The ettin closely misses you.
You block the ettin's attack.
You cut the ettin into ribbons!!!
You kill the ettin!
Okawaru accepts your kill.
You slice the titan!! You slice the sphinx!!
Your surroundings suddenly seem different.
A deep elf high priest, a vault warden, 2 storm dragons and a frost giant come into view.
The vault warden is wielding a +2 war axe of venom.
The frost giant is wielding a +2 battleaxe of freezing.
Found eight items.
The storm dragon roars deafeningly!
The deep elf high priest shouts!
The vault warden shouts!
The storm dragon roars deafeningly!
The frost giant shouts!
You hear a shout! x2; You hear a deafening roar!
You hear a shout! x2
The storm dragon breathes lightning at you.
The bolt of lightning hits you but does no damage.
You hear a shout!
Your life force feels restored.
Enter note:
Enter note:
Enter note:
56927 ||| READING 6 scrolls of teleportation.
As you read the scroll of teleportation, it crumbles to dust.
You feel strangely unstable.
A quicksilver dragon comes into view.
The deep elf high priest utters a dark prayer and points at you.
Your life force is offered up.
You die...

#.......)$
#.....De?=
#.......))
#.....pD(#
#.......#
#......#
#.....#
#.@..#
#...##
#..## #./#
...D ...##
C.. ....


You could see 2 storm dragons, a frost giant, a quicksilver dragon, a vault
warden and a deep elf high priest.

Vanquished Creatures
  An ancient lich (Vaults:4)
  A juggernaut (Depths:1)
  Mennas (Vaults:4)
  Margery (Vaults:3)
  3 caustic shrikes (Depths:4)
  Nikola (Shoals:2)
  Arachne (Spider:3)
  2 bone dragons
  3 tentacled monstrosities
  Jorgrun (Spider:3)
  3 liches
  A kraken (Shoals:3)
  Polyphemus (Shoals:4)
  A quicksilver dragon (Depths:3)
  5 sphinxes
  5 titans
  A shadow dragon (Vaults:5)
  2 storm dragons (Depths:4)
  A tengu reaver (Vaults:3)
  3 draconian monks
  Donald (Vaults:4)
  4 fire giants
  2 balrugs
  5 ghost moths
  11 frost giants
  An iron dragon (Depths:4)
  Aizul (Shoals:4)
  8 vault wardens
  Louise (Spider:4)
  3 emperor scorpions
  2 broodmothers
  9 stone giants
  2 formless jellyfish (Vaults:3)
  A draconian annihilator (Depths:4)
  12 ironbound preservers
  4 very ugly things
  A reaper (Depths:2)
  A green draconian (Depths:4)
  A deep elf demonologist (Vaults:5)
  2 ironbound thunderhulks
  2 red draconians (Depths:4)
  12 dire elephants
  3 minotaurs (Shoals:4)
  A dire elephant (shapeshifter) (Depths:2)
  A black draconian (Depths:4)
  2 purple draconians (Depths:4)
  5 spark wasps
  9 ettins
  A crystal guardian (Vaults:4)
  4 entropy weavers
  3 merfolk impalers
  9 fire dragons
  3 merfolk javelineers
  11 yaktaur captains
  Fannar (D:11)
  11 ice dragons
  18 vault guards
  3 rakshasas
  2 hydras
  A peacekeeper (Vaults:4)
  Erolcha (D:10)
  2 spriggan air magi (Depths:4)
  7 great orbs of eyes
  3 jorogumos (Spider:4)
  4 catoblepae
  A centaur warrior (D:14)
  9 ironbound frosthearts
  11 tengu warriors
  7 boulder beetles
  4 merfolk avatars
  2 alligator snapping turtles (Shoals:4)
  14 satyrs
  7 two-headed ogres
  9 deep troll shamans
  2 merfolk aquamancers
  6 deep troll earth magi
  5 demonic crawlers
  11 death yaks
  A dancing weapon (Abyss:2)
  7 spriggan berserkers
  7 death scarabs (Spider:4)
  3 thrashing horrors (Abyss:2)
  Nergalle (Lair:1)
  A spectral emperor scorpion (Spider:4)
  2 soul eaters (Depths:2)
  6 orc high priests (Orc:2)
  2 sun demons
  14 hell knights
  5 skeletal warriors (D:14)
  3 skysharks
  5 iron trolls
  A salamander mystic (Depths:4)
  A shadow wraith (Abyss:2)
  A titan skeleton (Depths:3)
  A storm dragon skeleton (Depths:3)
  7 glowing orange brains
  5 large abominations (Abyss:2)
  7 pharaoh ants
  A phantasmal warrior (Vaults:1)
  8 steelbarb worms
  53 deep trolls
  6 lindwurms
  5 orc knights
  Pikel (D:5)
  39 harpies
  6 necromancers
  5 wizards
  9 orb spiders
  6 sea snakes
  A steelbarb worm (shapeshifter) (Vaults:5)
  8 ironbound convokers
  A broodmother zombie (Spider:4)
  24 wolf spiders
  A deep elf pyromancer (D:14)
  5 cyclopes
  A worldbinder (Abyss:2)
  36 fauns
  27 ugly things
  3 salamanders
  An orc sorcerer (Orc:1)
  7 moths of wrath
  10 black mambas
  22 manticores
  9 elephants
  7 merfolk sirens
  10 vault sentinels
  8 water nymphs
  Maurice (D:10)
  A rust devil (Depths:2)
  2 torpor snails
  A torpor snail (shapeshifter) (Vaults:4)
  3 smoke demons
  10 cane toads
  An orange demon (Abyss:2)
  A gargoyle (D:13)
  A kobold demonologist (D:11)
  An efreet (D:13)
  2 spectral redbacks (Spider:4)
  3 rime drakes
  3 freezing wraiths
  A komodo dragon (shapeshifter) (Vaults:4)
  19 komodo dragons
  A redback zombie (Spider:4)
  A yaktaur skeleton (Vaults:2)
  A human zombie (Vaults:2)
  6 trolls
  5 tengu conjurers
  5 polar bears
  41 yaktaurs
  31 merfolk
  4 meliai
  2 queen bees (shapeshifter)
  A red devil (Abyss:2)
  A spectral culicivora (Spider:4)
  Grinder (D:3)
  2 tengu simulacra
  2 tarantella zombies (Spider:4)
  A spectral jumping spider (Spider:4)
  A sphinx simulacrum (Vaults:4)
  6 wind drakes
  4 spectral tarantellas (Spider:4)
  21 tarantellas
  Prince Ribbit (D:8)
  A culicivora zombie (Spider:4)
  4 raiju (Abyss:2)
  10 blink frogs
  12 snapping turtles
  19 jumping spiders
  26 slime creatures
  A jumping spider zombie (Spider:4)
  A culicivora (shapeshifter) (Abyss:2)
  4 centaur simulacra (D:10)
  2 wraiths
  A ynoxinul (Abyss:2)
  Grum (D:8)
  62 yaks
  24 culicivoras
  22 water elementals
  4 wyverns
  A basilisk (shapeshifter) (Depths:2)
  4 basilisks
  3 steam dragons
  10 vampire mosquitoes
  A neqoxec (Depths:4)
  49 redbacks
  2 chaos spawn (Depths:4)
  2 swamp worms (shapeshifter) (Vaults:4)
  10 wargs
  Menkaure (D:4)
  An acid dragon (D:13)
  A glowing shapeshifter skeleton (Vaults:2)
  19 water moccasins
  A small abomination (Abyss:2)
  24 orc warriors
  2 ice beasts
  Duvessa (D:4)
  3 sky beasts (D:8)
  2 black bears
  6 boggarts
  4 ogres
  15 wolves
  2 lemures (D:5)
  18 centaurs
  A phantom (D:5)
  7 kobold brigands
  11 bullfrogs
  2 gnoll sergeants
  3 scorpions
  6 wights
  A human skeleton (Vaults:4)
  Dowan (D:4)
  A hornet simulacrum (D:11)
  11 killer bees
  8 howler monkeys
  7 electric eels
  4 jellies
  4 hounds
  38 orc priests
  An iron imp (Abyss:2)
  2 sleepcaps (D:5)
  Ijyb (D:3)
  A gnoll bouda (D:7)
  3 iguanas
  21 orc wizards
  13 gnolls
  13 adders
  A shadow imp (D:7)
  7 white imps
  3 ufetubi
  2 worms
  2 dart slugs
  115 orcs
  14 ball pythons
  4 endoplasms
  3 giant cockroaches
  12 goblins
  9 hobgoblins
  7 jackals
  3 quokkas
  7 bats
  3 frilled lizards
  29 kobolds
  2 rats (D:2)
  A fire vortex (Depths:4)
  A lurking horror (Abyss:2)
  2 tentacles (Shoals:3)
1668 creatures vanquished.

Vanquished Creatures (others)
  A dread lich (Vaults:5)
  A caustic shrike (Depths:2)
  2 harpies
  An unseen horror (D:13)
  A vampire (D:12)
  2 orc priests (D:7)
  A jelly (D:7)
  2 orcs
  2 starspawn tentacles (Abyss:2)
  3 tentacles (Shoals:3)
16 creatures vanquished.

Grand Total: 1684 creatures vanquished

Notes
Turn   | Place    | Note
-------+----------+-------------------------------------------
     0 | D:1      | qw the Gargoyle Fighter began the quest for the Orb.
     0 | D:1      | Reached XP level 1. HP: 14/14 MP: 1/1
     0 | D:1      | 0 ||| qw: Version: 0.3-a-40-ge99b1a8
     0 | D:1      | 0 ||| qw: Game counter: 286
     0 | D:1      | 0 ||| qw: Melee chars always use a shield: true
     0 | D:1      | 0 ||| qw: God list: Okawaru
     0 | D:1      | 0 ||| qw: Allow faded altars: false
     0 | D:1      | 0 ||| qw: Do Orc after clearing Dungeon:15 true
     0 | D:1      | 0 ||| qw: Do second Lair branch before Depths: true
     0 | D:1      | 0 ||| qw: Lair rune preference: random
     0 | D:1      | 0 ||| qw: Goals: Normal, Zot:1-4, Slime:5, God:TSO, Crypt,
                  | Tomb, Abyss, Pan, Hells, Win
     0 | D:1      | 0 ||| PLANNING D:1-11
   150 | D:1      | Reached XP level 2. HP: 19/19 MP: 2/2
   151 | D:1      | 151 ||| Stepping ~*~*~tactically~*~*~ (stealth).
   189 | D:1      | 189 ||| SWAPPING to +0 broad axe.
   190 | D:1      | 190 ||| DROPPING +0 war axe.
   405 | D:1      | 405 ||| Stepping ~*~*~tactically~*~*~ (stealth).
   418 | D:1      | Reached skill level 3 in Axes
   483 | D:1      | 483 ||| Stepping ~*~*~tactically~*~*~ (stealth).
   491 | D:1      | Reached XP level 3. HP: 23/23 MP: 3/3
   590 | D:1      | 590 ||| Stepping ~*~*~tactically~*~*~ (stealth).
  1009 | D:1      | 1009 ||| UPGRADING to +5 ring of evasion.
  1010 | D:1      | 1010 ||| READING scroll labelled BIP ETTIME.
  1011 | D:1      | 1011 ||| READING scroll labelled GIDYVV QYUHYOST.
  1012 | D:1      | 1012 ||| READING scroll labelled SOIRILASUD.
  1045 | D:2      | 1045 ||| Stepping ~*~*~tactically~*~*~ (hiding).
  1059 | D:2      | 1059 ||| FLEEEEING.
  1061 | D:2      | 1061 ||| FLEEEEING.
  1062 | D:2      | 1062 ||| FLEEEEING.
  1063 | D:2      | 1063 ||| STAIRDANCE
  1407 | D:2      | Reached XP level 4. HP: 27/28 MP: 4/4
  1939 | D:2      | 1939 ||| READING 3 scrolls labelled QASYDD PAGGO.
  1940 | D:2      | 1940 ||| DRINKING 2 white potions.
  1941 | D:2      | 1941 ||| READING 2 scrolls of identify.
  1941 | D:2      | 1941 ||| IDENTIFYING smoky purple potion
  2029 | D:3      | Found a sacrificial altar of Ru.
  2091 | D:3      | Found a basalt altar of Yredelemnul.
  2091 | D:3      | Noticed Grinder
  2092 | D:3      | 2092 ||| Stepping ~*~*~tactically~*~*~ (hiding).
  2107 | D:3      | Paralysed by Grinder for 4 turns
  2112 | D:3      | 2112 ||| FLEEEEING.
  2113 | D:3      | 2113 ||| FLEEEEING.
  2119 | D:3      | 2119 ||| FLEEEEING.
  2120 | D:3      | 2120 ||| FLEEEEING.
  2121 | D:3      | 2121 ||| FLEEEEING.
  2127 | D:3      | 2127 ||| FLEEEEING.
  2128 | D:3      | 2128 ||| FLEEEEING.
  2129 | D:3      | 2129 ||| FLEEEEING.
  2130 | D:3      | 2130 ||| FLEEEEING.
  2131 | D:3      | 2131 ||| FLEEEEING.
  2132 | D:3      | 2132 ||| FLEEEEING.
  2133 | D:3      | 2133 ||| FLEEEEING.
  2134 | D:3      | 2134 ||| FLEEEEING.
  2135 | D:3      | 2135 ||| STAIRDANCE
  2177 | D:3      | Killed Grinder
  2178 | D:3      | Reached XP level 5. HP: 22/32 MP: 5/5
  2178 | D:3      | Reached XP level 6. HP: 25/37 MP: 6/6
  2291 | D:3      | Found a hide-covered altar of Uskayaw.
  2393 | D:3      | 2393 ||| Stepping ~*~*~tactically~*~*~ (hiding).
  2502 | D:3      | 2502 ||| DROPPING +0 club.
  2554 | D:3      | Found a faded altar of an unknown god.
  2566 | D:3      | Noticed Ijyb
  2570 | D:3      | 2570 ||| DRINKING potion of curing.
  2570 | D:3      | 2570 ||| (to cure confusion)
  2581 | D:3      | Killed Ijyb
  2767 | D:3      | 2767 ||| UPGRADING to +0 chain mail.
  2777 | D:3      | 2777 ||| DROPPING +0 scale mail.
  2778 | D:3      | 2778 ||| UPGRADING to ring of protection from cold.
  2779 | D:3      | 2779 ||| READING 4 scrolls of identify.
  2779 | D:3      | 2779 ||| IDENTIFYING clear potion
  2780 | D:3      | 2780 ||| READING 3 scrolls of identify.
  2780 | D:3      | 2780 ||| IDENTIFYING lumpy brown potion
  2824 | D:4      | Reached skill level 6 in Axes
  2879 | D:4      | 2879 ||| Stepping ~*~*~tactically~*~*~ (hiding).
  2882 | D:4      | 2882 ||| Stepping ~*~*~tactically~*~*~ (hiding).
  2883 | D:4      | 2883 ||| Stepping ~*~*~tactically~*~*~ (hiding).
  2884 | D:4      | 2884 ||| Stepping ~*~*~tactically~*~*~ (hiding).
  2885 | D:4      | 2885 ||| Stepping ~*~*~tactically~*~*~ (hiding).
  2907 | D:4      | 2907 ||| DROPPING +0 flail.
  2924 | D:4      | 2924 ||| Stepping ~*~*~tactically~*~*~ (stealth).
  2999 | D:4      | Reached skill level 1 in Throwing
  2999 | D:4      | Reached XP level 7. HP: 43/43 MP: 7/7
  3013 | D:4      | Noticed Duvessa
  3014 | D:4      | Noticed Dowan
  3023 | D:4      | Killed Dowan
  3024 | D:4      | Reached skill level 1 in Dodging
  3027 | D:4      | Killed Duvessa
  3141 | D:4      | Found a staircase to the Ecumenical Temple.
  3142 | D:4      | 3142 ||| PLANNING TEMPLE
  3142 | D:4      | 3142 ||| READING 2 scrolls of identify.
  3142 | D:4      | 3142 ||| IDENTIFYING bubbling green potion
  3143 | D:4      | 3143 ||| Stepping ~*~*~tactically~*~*~ (stealth).
  3144 | D:4      | 3144 ||| DROPPING potion of degeneration.
  3156 | Temple   | Entered the Ecumenical Temple
  3157 | Temple   | 3157 ||| PLANNING D:1-11
  3184 | D:4      | 3184 ||| Stepping ~*~*~tactically~*~*~ (stealth).
  3265 | D:4      | 3265 ||| Stepping ~*~*~tactically~*~*~ (stealth).
  3278 | D:4      | 3278 ||| DROPPING +0 flail of protection.
  3346 | D:4      | Found an ornate altar of the Wu Jian Council.
  3346 | D:4      | Found a shadowy altar of Dithmenos.
  3346 | D:4      | Noticed Menkaure
  3347 | D:4      | 3347 ||| Stepping ~*~*~tactically~*~*~ (hiding).
  3364 | D:4      | Killed Menkaure
  3464 | D:4      | Found a shimmering blue altar of Sif Muna.
  3465 | D:4      | Found a stormy altar of Qazlal.
  3467 | D:4      | Found a burning altar of Makhleb.
  3467 | D:4      | Found a glowing golden altar of the Shining One.
  3468 | D:4      | Found a radiant altar of Vehumet.
  3470 | D:4      | Found a snail-covered altar of Cheibriados.
  3474 | D:4      | Found a blossoming altar of Fedhas.
  3541 | D:5      | Entered Level 5 of the Dungeon
  3602 | D:5      | Reached XP level 8. HP: 46/48 MP: 8/8
  3640 | D:5      | 3640 ||| Stepping ~*~*~tactically~*~*~ (stealth).
  3775 | D:5      | Found Meinwar's Book Emporium.
  3947 | D:5      | Noticed Pikel
  3947 | D:5      | 3947 ||| Stepping ~*~*~tactically~*~*~ (hiding).
  3958 | D:5      | 3958 ||| DRINKING potion of curing.
  3958 | D:5      | 3958 ||| (to cure confusion)
  3966 | D:5      | Killed Pikel
  4293 | D:5      | Reached skill level 6 in Fighting
  4305 | D:5      | Reached skill level 9 in Axes
  4567 | D:5      | Found a shimmering altar of Xom.
  4567 | D:5      | Found an iron altar of Okawaru.
  4568 | D:5      | 4568 ||| PLANNING OKAWARU WORSHIP
  4580 | D:5      | Reached XP level 9. HP: 55/55 MP: 9/9
  4580 | D:5      | 4580 ||| READING scroll labelled XUCINW CENUSK.
  4581 | D:5      | 4581 ||| READING scroll labelled HUWYIMINOC.
  4582 | D:5      | 4582 ||| READING 5 scrolls of identify.
  4582 | D:5      | 4582 ||| IDENTIFYING green potion
  4583 | D:5      | 4583 ||| DROPPING potion of brilliance.
  4589 | D:5      | Found a faded altar of an unknown god.
  4591 | D:5      | Became a worshipper of Warmaster Okawaru
  4592 | D:5      | 4592 ||| PLANNING D:1-11
  4594 | D:5      | Found a sparkling altar of Nemelex Xobeh.
  4596 | D:5      | Found a glowing silver altar of Zin.
  4871 | D:6      | 4871 ||| Stepping ~*~*~tactically~*~*~ (stealth).
  5054 | D:6      | Found a white marble altar of Elyvilon.
  5064 | D:6      | 5064 ||| FLEEEEING.
  5065 | D:6      | 5065 ||| FLEEEEING.
  5066 | D:6      | 5066 ||| FLEEEEING.
  5067 | D:6      | 5067 ||| DRINKING potion of curing.
  5067 | D:6      | 5067 ||| (to cure confusion)
  5215 | D:6      | 5215 ||| Stepping ~*~*~tactically~*~*~ (hiding).
  5217 | D:6      | 5217 ||| Stepping ~*~*~tactically~*~*~ (hiding).
  5219 | D:6      | 5219 ||| Stepping ~*~*~tactically~*~*~ (hiding).
  5232 | D:6      | 5232 ||| FLEEEEING.
  5234 | D:6      | 5234 ||| FLEEEEING.
  5235 | D:6      | 5235 ||| FLEEEEING.
  5236 | D:6      | 5236 ||| FLEEEEING.
  5237 | D:6      | 5237 ||| FLEEEEING.
  5238 | D:6      | 5238 ||| FLEEEEING.
  5239 | D:6      | 5239 ||| FLEEEEING.
  5240 | D:6      | 5240 ||| FLEEEEING.
  5241 | D:6      | 5241 ||| FLEEEEING.
  5242 | D:6      | 5242 ||| FLEEEEING.
  5243 | D:6      | 5243 ||| FLEEEEING.
  5244 | D:6      | 5244 ||| FLEEEEING.
  5245 | D:6      | 5245 ||| FLEEEEING.
  5248 | D:6      | 5248 ||| FLEEEEING.
  5249 | D:6      | 5249 ||| FLEEEEING.
  5250 | D:6      | 5250 ||| FLEEEEING.
  5251 | D:6      | 5251 ||| FLEEEEING.
  5252 | D:6      | 5252 ||| STAIRDANCE
  5285 | D:5      | 5285 ||| DROPPING scarf of invisibility.
  5286 | D:5      | 5286 ||| READING scroll labelled LAP SY CUFF.
  5368 | D:6      | Reached skill level 4 in Armour
  5559 | D:6      | 5559 ||| READING 4 scrolls of identify.
  5559 | D:6      | 5559 ||| IDENTIFYING bubbling sapphire potion
  5609 | D:7      | Reached * piety under Okawaru
  5610 | D:7      | Reached skill level 3 in Throwing
  5610 | D:7      | 5610 ||| INVOKING Heroism.
  5611 | D:7      | 5611 ||| INVOKING Heroism.
  5622 | D:7      | 5622 ||| FLEEEEING.
  5628 | D:7      | 5628 ||| STAIRDANCE
  5770 | D:7      | 5770 ||| DROPPING +2 flail of protection.
  5773 | D:7      | 5773 ||| Stepping ~*~*~tactically~*~*~ (hiding).
  5783 | D:7      | 5783 ||| INVOKING Heroism.
  5816 | D:7      | 5816 ||| Stepping ~*~*~tactically~*~*~ (stealth).
  5817 | D:7      | 5817 ||| Stepping ~*~*~tactically~*~*~ (stealth).
  5838 | D:7      | Reached skill level 1 in Invocations
  5876 | D:7      | 5876 ||| Stepping ~*~*~tactically~*~*~ (hiding).
  5877 | D:7      | 5877 ||| Stepping ~*~*~tactically~*~*~ (hiding).
  5878 | D:7      | 5878 ||| Stepping ~*~*~tactically~*~*~ (hiding).
  5953 | D:7      | 5953 ||| Stepping ~*~*~tactically~*~*~ (stealth).
  5960 | D:7      | 5960 ||| Stepping ~*~*~tactically~*~*~ (hiding).
  5963 | D:7      | 5963 ||| INVOKING Heroism.
  6094 | D:7      | Reached skill level 3 in Invocations
  6123 | D:7      | Found a broken altar of Ashenzari.
  6146 | D:7      | 6146 ||| Stepping ~*~*~tactically~*~*~ (stealth).
  6156 | D:7      | Reached XP level 10. HP: 62/63 MP: 12/12
  6283 | D:7      | Found Wyiloufa's Antique Armour Boutique.
  6284 | D:7      | 6284 ||| Stepping ~*~*~tactically~*~*~ (stealth).
  6285 | D:7      | 6285 ||| Stepping ~*~*~tactically~*~*~ (stealth).
  6286 | D:7      | 6286 ||| Stepping ~*~*~tactically~*~*~ (stealth).
  6287 | D:7      | 6287 ||| Stepping ~*~*~tactically~*~*~ (stealth).
  6289 | D:7      | 6289 ||| Stepping ~*~*~tactically~*~*~ (stealth).
  6290 | D:7      | 6290 ||| Stepping ~*~*~tactically~*~*~ (stealth).
  6291 | D:7      | 6291 ||| Stepping ~*~*~tactically~*~*~ (stealth).
  6310 | D:7      | 6310 ||| BUYING cloak (108 gold).
  6310 | D:7      | Bought a cloak for 108 gold pieces
  6310 | D:7      | 6310 ||| BUYING pair of boots (108 gold).
  6310 | D:7      | Bought a pair of boots for 108 gold pieces
  6522 | D:7      | 6522 ||| UPGRADING to +0 kite shield.
  6532 | D:7      | 6532 ||| DROPPING +0 buckler.
  6533 | D:7      | 6533 ||| UPGRADING to +0 cloak.
  6538 | D:7      | 6538 ||| UPGRADING to +0 pair of boots.
  6543 | D:7      | 6543 ||| READING 2 scrolls of enchant armour.
  6543 | D:7      | 6543 ||| ENCHANTING +0 pair of boots.
  6544 | D:7      | 6544 ||| READING scroll of enchant armour.
  6544 | D:7      | 6544 ||| ENCHANTING +1 pair of boots.
  6545 | D:7      | 6545 ||| READING scroll labelled UMYTOD LAEN ELO.
  6546 | D:7      | 6546 ||| READING scroll labelled EKEINY ZALIHY.
  6547 | D:7      | 6547 ||| READING scroll labelled VOOCKEOHOGH.
  6551 | D:7      | 6551 ||| READING scroll labelled NEHAULI LO JUB.
  6594 | D:8      | Found a staircase to the Lair.
  6595 | D:8      | 6595 ||| Stepping ~*~*~tactically~*~*~ (hiding).
  6596 | D:8      | 6596 ||| Stepping ~*~*~tactically~*~*~ (hiding).
  6597 | D:8      | 6597 ||| Stepping ~*~*~tactically~*~*~ (hiding).
  6606 | D:8      | Reached ** piety under Okawaru
  6609 | D:8      | 6609 ||| INVOKING Heroism.
  6724 | D:8      | Found Seupla's Magic Scroll Boutique.
  6727 | D:8      | 6727 ||| BUYING scroll of identify (26 gold).
  6727 | D:8      | Bought a scroll of identify for 26 gold pieces
  6727 | D:8      | 6727 ||| BUYING scroll of teleportation (39 gold).
  6727 | D:8      | Bought a scroll of teleportation for 39 gold pieces
  6727 | D:8      | 6727 ||| BUYING scroll of teleportation (39 gold).
  6727 | D:8      | Bought a scroll of teleportation for 39 gold pieces
  6732 | D:8      | 6732 ||| INVOKING Heroism.
  6742 | D:8      | 6742 ||| Stepping ~*~*~tactically~*~*~ (hiding).
  6749 | D:8      | 6749 ||| Stepping ~*~*~tactically~*~*~ (hiding).
  6750 | D:8      | 6750 ||| Stepping ~*~*~tactically~*~*~ (hiding).
  6760 | D:8      | Reached skill level 6 in Shields
  6781 | D:8      | Found an ancient bone altar of Kikubaaqudgha.
  6922 | D:8      | Found a transporter.
  7003 | D:8      | Noticed Prince Ribbit
  7015 | D:8      | Killed Prince Ribbit
  7024 | D:8      | Noticed Grum
  7025 | D:8      | 7025 ||| INVOKING Heroism.
  7038 | D:8      | Killed Grum
  7043 | D:8      | 7043 ||| INVOKING Heroism.
  7090 | D:8      | 7090 ||| Stepping ~*~*~tactically~*~*~ (stealth).
  7349 | D:8      | 7349 ||| Stepping ~*~*~tactically~*~*~ (stealth).
  7407 | D:8      | Found a transporter.
  7443 | D:8      | 7443 ||| Stepping ~*~*~tactically~*~*~ (hiding).
  7444 | D:8      | 7444 ||| Stepping ~*~*~tactically~*~*~ (hiding).
  7458 | D:8      | 7458 ||| Stepping ~*~*~tactically~*~*~ (hiding).
  7463 | D:8      | 7463 ||| Stepping ~*~*~tactically~*~*~ (hiding).
  7518 | D:8      | Identified the +4 ring mail of Qicsoaq {Slay+3}
  7585 | D:8      | Found a transporter.
  7603 | D:8      | Found a transporter.
  7862 | D:8      | 7862 ||| PLANNING LAIR
  7862 | D:8      | 7862 ||| UPGRADING to +0 plate armour.
  7872 | D:8      | 7872 ||| DROPPING +0 chain mail.
  7873 | D:8      | 7873 ||| DROPPING +1 ring mail of fire resistance.
  7874 | D:8      | 7874 ||| DROPPING ring of magical power.
  7875 | D:8      | 7875 ||| READING 7 scrolls of identify.
  7875 | D:8      | 7875 ||| IDENTIFYING orange potion
  7876 | D:8      | 7876 ||| DRINKING potion of experience.
  7876 | D:8      | Reached skill level 11 in Armour
  7876 | D:8      | Reached XP level 11. HP: 67/67 MP: 14/14
  7902 | Lair:1   | Entered Level 1 of the Lair of Beasts
  7961 | Lair:1   | Reached skill level 9 in Shields
  8047 | Lair:1   | Noticed a boulder beetle
  8052 | Lair:1   | Noticed qw's ghost (journeyman GrFi)
  8054 | Lair:1   | Found a runed translucent gate.
  8054 | Lair:1   | Found a runed translucent gate.
  8054 | Lair:1   | Found a runed translucent gate.
  8075 | Lair:1   | Noticed Nergalle
  8076 | Lair:1   | 8076 ||| INVOKING Heroism.
  8096 | Lair:1   | 8096 ||| INVOKING Heroism.
  8100 | Lair:1   | Killed Nergalle
  8127 | Lair:1   | 8127 ||| INVOKING Heroism.
  8368 | Lair:1   | 8368 ||| Stepping ~*~*~tactically~*~*~ (stealth).
  8369 | Lair:1   | 8369 ||| Stepping ~*~*~tactically~*~*~ (stealth).
  8371 | Lair:1   | 8371 ||| Stepping ~*~*~tactically~*~*~ (stealth).
  8378 | Lair:1   | 8378 ||| INVOKING Heroism.
  8382 | Lair:1   | Reached XP level 12. HP: 46/74 MP: 12/15
  8542 | Lair:1   | 8542 ||| Stepping ~*~*~tactically~*~*~ (stealth).
  8543 | Lair:1   | 8543 ||| Stepping ~*~*~tactically~*~*~ (stealth).
  8678 | Lair:1   | 8678 ||| READING 8 scrolls of identify.
  8678 | Lair:1   | 8678 ||| IDENTIFYING inky potion
  8679 | Lair:1   | 8679 ||| READING 7 scrolls of identify.
  8679 | Lair:1   | 8679 ||| IDENTIFYING puce potion
  8694 | Lair:2   | 8694 ||| INVOKING Heroism.
  8702 | Lair:2   | Reached *** piety under Okawaru
  8727 | Lair:2   | 8727 ||| Stepping ~*~*~tactically~*~*~ (stealth).
  8728 | Lair:2   | 8728 ||| Stepping ~*~*~tactically~*~*~ (stealth).
  8784 | Lair:2   | 8784 ||| Stepping ~*~*~tactically~*~*~ (stealth).
  8787 | Lair:2   | 8787 ||| Stepping ~*~*~tactically~*~*~ (stealth).
  8788 | Lair:2   | 8788 ||| Stepping ~*~*~tactically~*~*~ (stealth).
  8919 | Lair:2   | 8919 ||| INVOKING Heroism.
  8922 | Lair:2   | 8922 ||| Stepping ~*~*~tactically~*~*~ (stealth).
  9092 | Lair:2   | 9092 ||| INVOKING Heroism.
  9133 | Lair:2   | Noticed a five-headed hydra
  9134 | Lair:2   | 9134 ||| INVOKING Heroism.
  9139 | Lair:2   | 9139 ||| SWAPPING to +0 morningstar.
  9150 | Lair:2   | Killed a five-headed hydra
  9151 | Lair:2   | Reached skill level 9 in Fighting
  9151 | Lair:2   | 9151 ||| SWAPPING to +1 broad axe of freezing.
  9153 | Lair:2   | 9153 ||| INVOKING Heroism.
  9159 | Lair:2   | HP: 19/76 [blink frog (9)]
  9160 | Lair:2   | 9160 ||| READING 2 scrolls of teleportation.
  9161 | Lair:2   | 9161 ||| DRINKING potion of heal wounds.
  9461 | Lair:2   | 9461 ||| Stepping ~*~*~tactically~*~*~ (stealth).
  9462 | Lair:2   | 9462 ||| Stepping ~*~*~tactically~*~*~ (stealth).
  9463 | Lair:2   | 9463 ||| Stepping ~*~*~tactically~*~*~ (stealth).
  9877 | Lair:3   | 9877 ||| PLANNING GAUNTLET
  9885 | Lair:3   | 9885 ||| STAIRDANCE
  9996 | Lair:3   | 9996 ||| INVOKING Heroism.
 10043 | Lair:3   | 10043 ||| Stepping ~*~*~tactically~*~*~ (stealth).
 10045 | Lair:3   | 10045 ||| INVOKING Heroism.
 10051 | Lair:3   | Reached skill level 12 in Axes
 10059 | Lair:3   | Reached **** piety under Okawaru
 10291 | Lair:3   | 10291 ||| Stepping ~*~*~tactically~*~*~ (stealth).
 10318 | Lair:3   | 10318 ||| INVOKING Heroism.
 10360 | Lair:3   | 10360 ||| INVOKING Heroism.
 10449 | Lair:3   | Found a hole to the Spider Nest.
 10469 | Lair:3   | 10469 ||| INVOKING Heroism.
 10485 | Lair:3   | Reached XP level 13. HP: 69/80 MP: 17/17
 10651 | Lair:3   | Found a staircase to the Shoals.
 10786 | Lair:3   | 10786 ||| Stepping ~*~*~tactically~*~*~ (hiding).
 10792 | Lair:3   | 10792 ||| INVOKING Heroism.
 10805 | Lair:3   | Reached skill level 6 in Invocations
 10932 | Lair:3   | 10932 ||| RIP GAUNTLET
 10932 | Lair:3   | 10932 ||| PLANNING LAIR
 11234 | Lair:3   | 11234 ||| UPGRADING to ring of see invisible.
 11248 | Lair:4   | Found a staircase to the Slime Pits.
 11249 | Lair:4   | Found a viscous altar of Jiyva.
 11253 | Lair:4   | 11253 ||| INVOKING Heroism.
 11254 | Lair:4   | 11254 ||| SWAPPING to +0 morningstar.
 11261 | Lair:4   | 11261 ||| SWAPPING to +1 broad axe of freezing.
 11325 | Lair:4   | 11325 ||| Stepping ~*~*~tactically~*~*~ (stealth).
 11345 | Lair:4   | 11345 ||| INVOKING Heroism.
 11450 | Lair:4   | 11450 ||| Stepping ~*~*~tactically~*~*~ (stealth).
 11451 | Lair:4   | 11451 ||| INVOKING Heroism.
 11585 | Lair:4   | 11585 ||| INVOKING Heroism.
 11625 | Lair:4   | 11625 ||| FLEEEEING.
 11627 | Lair:4   | 11627 ||| FLEEEEING.
 11628 | Lair:4   | 11628 ||| FLEEEEING.
 11630 | Lair:4   | 11630 ||| FLEEEEING.
 11631 | Lair:4   | 11631 ||| FLEEEEING.
 11632 | Lair:4   | 11632 ||| INVOKING Heroism.
 11689 | Lair:4   | 11689 ||| Stepping ~*~*~tactically~*~*~ (stealth).
 11690 | Lair:4   | 11690 ||| Stepping ~*~*~tactically~*~*~ (stealth).
 11696 | Lair:4   | 11696 ||| INVOKING Heroism.
 11749 | Lair:4   | 11749 ||| Stepping ~*~*~tactically~*~*~ (stealth).
 11753 | Lair:4   | 11753 ||| Stepping ~*~*~tactically~*~*~ (stealth).
 11792 | Lair:4   | 11792 ||| INVOKING Heroism.
 11804 | Lair:4   | Received a gift from Okawaru
 11898 | Lair:4   | 11898 ||| Stepping ~*~*~tactically~*~*~ (stealth).
 11926 | Lair:4   | 11926 ||| Stepping ~*~*~tactically~*~*~ (stealth).
 11927 | Lair:4   | 11927 ||| Stepping ~*~*~tactically~*~*~ (stealth).
 11951 | Lair:4   | 11951 ||| DRINKING potion of experience.
 11951 | Lair:4   | Reached skill level 9 in Invocations
 11951 | Lair:4   | Gained mutation: Your large and strong wings let you fly.
                  | [Gargoyle growth]
 11951 | Lair:4   | Reached XP level 14. HP: 88/88 MP: 19/21
 12046 | Lair:4   | 12046 ||| Stepping ~*~*~tactically~*~*~ (stealth).
 12064 | Lair:4   | Received a gift from Okawaru
 12318 | Lair:4   | 12318 ||| Stepping ~*~*~tactically~*~*~ (stealth).
 12392 | Lair:4   | Found the +8 whip "Snakebite" {venom, curare, rPois}
 12636 | Lair:4   | 12636 ||| UPGRADING to amulet of the acrobat.
 12641 | Lair:4   | 12641 ||| UPGRADING to amulet of faith.
 12666 | Lair:5   | Entered Level 5 of the Lair of Beasts
 12701 | Lair:5   | 12701 ||| INVOKING Heroism.
 12740 | Lair:5   | 12740 ||| FLEEEEING.
 12741 | Lair:5   | 12741 ||| FLEEEEING.
 12742 | Lair:5   | 12742 ||| FLEEEEING.
 12743 | Lair:5   | 12743 ||| INVOKING Heroism.
 12754 | Lair:5   | 12754 ||| Stepping ~*~*~tactically~*~*~ (stealth).
 12770 | Lair:5   | Reached ***** piety under Okawaru
 13009 | Lair:5   | 13009 ||| FLEEEEING.
 13080 | Lair:5   | 13080 ||| Stepping ~*~*~tactically~*~*~ (stealth).
 13083 | Lair:5   | 13083 ||| Stepping ~*~*~tactically~*~*~ (stealth).
 13301 | Lair:5   | Identified the +6 ring mail "Tiruaklyar" {rElec} (Okawaru
                  | gifted it to you on level 5 of the Lair of Beasts)
 13301 | Lair:5   | Received a gift from Okawaru
 13815 | Lair:5   | 13815 ||| Stepping ~*~*~tactically~*~*~ (hiding).
 13817 | Lair:5   | 13817 ||| INVOKING Heroism.
 13819 | Lair:5   | 13819 ||| INVOKING Finesse.
 13902 | Lair:5   | 13902 ||| Stepping ~*~*~tactically~*~*~ (stealth).
 13903 | Lair:5   | 13903 ||| INVOKING Heroism.
 13905 | Lair:5   | 13905 ||| Stepping ~*~*~tactically~*~*~ (stealth).
 13919 | Lair:5   | Reached XP level 15. HP: 94/94 MP: 22/22
 13932 | Lair:5   | Reached skill level 12 in Shields
 13965 | Lair:5   | 13965 ||| INVOKING Heroism.
 14137 | Lair:5   | 14137 ||| INVOKING Heroism.
 14244 | Lair:5   | 14244 ||| INVOKING Heroism.
 14426 | Lair:5   | 14426 ||| Stepping ~*~*~tactically~*~*~ (stealth).
 14594 | Lair:5   | 14594 ||| PLANNING D:1-11
 14594 | Lair:5   | 14594 ||| UPGRADING to +0 pair of gloves.
 14599 | Lair:5   | 14599 ||| DROPPING amulet of the acrobat.
 14600 | Lair:5   | 14600 ||| READING scroll labelled NUCSAPLITT.
 14751 | D:9      | 14751 ||| Stepping ~*~*~tactically~*~*~ (hiding).
 14752 | D:9      | 14752 ||| Stepping ~*~*~tactically~*~*~ (stealth).
 14753 | D:9      | 14753 ||| Stepping ~*~*~tactically~*~*~ (stealth).
 14754 | D:9      | 14754 ||| Stepping ~*~*~tactically~*~*~ (hiding).
 15117 | D:9      | 15117 ||| Stepping ~*~*~tactically~*~*~ (stealth).
 15119 | D:9      | 15119 ||| Stepping ~*~*~tactically~*~*~ (hiding).
 15228 | D:9      | 15228 ||| Stepping ~*~*~tactically~*~*~ (stealth).
 15314 | D:9      | Found a hazy altar of Hepliaklqana.
 15378 | D:9      | Found a runed translucent door.
 15386 | D:9      | Reached skill level 15 in Axes
 15839 | D:9      | 15839 ||| DROPPING amulet of regeneration.
 15840 | D:9      | 15840 ||| READING 13 scrolls of identify.
 15840 | D:9      | 15840 ||| IDENTIFYING fizzy yellow potion
 15869 | D:10     | Entered Level 10 of the Dungeon
 15958 | D:10     | Noticed Erolcha
 15965 | D:10     | Killed Erolcha
 16024 | D:10     | 16024 ||| Stepping ~*~*~tactically~*~*~ (stealth).
 16073 | D:10     | Found a runed translucent gate.
 16074 | D:10     | Found a runed translucent gate.
 16078 | D:10     | Noticed Maurice
 16080 | D:10     | 16080 ||| Stepping ~*~*~tactically~*~*~ (hiding).
 16084 | D:10     | 16084 ||| Stepping ~*~*~tactically~*~*~ (hiding).
 16087 | D:10     | 16087 ||| Stepping ~*~*~tactically~*~*~ (hiding).
 16088 | D:10     | 16088 ||| Stepping ~*~*~tactically~*~*~ (hiding).
 16089 | D:10     | 16089 ||| Stepping ~*~*~tactically~*~*~ (hiding).
 16096 | D:10     | 16096 ||| DRINKING potion of curing.
 16096 | D:10     | 16096 ||| (to cure confusion)
 16101 | D:10     | Killed Maurice
 16106 | D:10     | Found a runed translucent gate.
 16133 | D:10     | 16133 ||| Stepping ~*~*~tactically~*~*~ (hiding).
 16364 | D:10     | 16364 ||| Stepping ~*~*~tactically~*~*~ (hiding).
 16365 | D:10     | 16365 ||| Stepping ~*~*~tactically~*~*~ (hiding).
 16413 | D:10     | 16413 ||| Stepping ~*~*~tactically~*~*~ (stealth).
 16717 | D:10     | 16717 ||| Stepping ~*~*~tactically~*~*~ (stealth).
 16720 | D:10     | 16720 ||| Stepping ~*~*~tactically~*~*~ (hiding).
 16721 | D:10     | 16721 ||| Stepping ~*~*~tactically~*~*~ (hiding).
 16729 | D:10     | Found a bloodstained altar of Trog.
 16806 | D:10     | 16806 ||| UPGRADING to +2 cloak of stealth.
 16816 | D:10     | 16816 ||| DROPPING +0 cloak.
 16844 | D:11     | 16844 ||| STAIRDANCE
 16978 | D:11     | Identified the +1 robe of the Hurtling Gods {rC+}
 17019 | D:11     | 17019 ||| Stepping ~*~*~tactically~*~*~ (hiding).
 17027 | D:11     | 17027 ||| INVOKING Heroism.
 17198 | D:11     | Reached skill level 12 in Fighting
 17249 | D:11     | 17249 ||| Stepping ~*~*~tactically~*~*~ (stealth).
 17251 | D:11     | Noticed Fannar
 17290 | D:11     | Killed Fannar
 17497 | D:11     | 17497 ||| Stepping ~*~*~tactically~*~*~ (stealth).
 17500 | D:11     | 17500 ||| Stepping ~*~*~tactically~*~*~ (stealth).
 17640 | D:11     | 17640 ||| INVOKING Heroism.
 17784 | D:11     | 17784 ||| READING scroll of enchant armour.
 17784 | D:11     | 17784 ||| ENCHANTING +0 pair of gloves.
 17829 | D:11     | 17829 ||| PLANNING D
 17829 | D:11     | 17829 ||| UPGRADING to +0 helmet.
 17875 | D:12     | Identified the +5 long sword of Mimn {flame, Fly rPois}
 17982 | D:12     | Found a staircase to the Orcish Mines.
 18005 | D:12     | 18005 ||| Stepping ~*~*~tactically~*~*~ (stealth).
 18007 | D:12     | 18007 ||| Stepping ~*~*~tactically~*~*~ (hiding).
 18016 | D:12     | 18016 ||| Stepping ~*~*~tactically~*~*~ (hiding).
 18147 | D:12     | Identified the +2 robe "Rakk" {Rampage rC+++} (Okawaru
                  | gifted it to you on level 12 of the Dungeon)
 18147 | D:12     | Received a gift from Okawaru
 18199 | D:12     | Identified the ring of Buuh Lotz {rN++ Str+3 Int+6 Slay-5}
 18216 | D:12     | 18216 ||| DROPPING +0 morningstar.
 18366 | D:12     | 18366 ||| READING scroll of enchant weapon.
 18366 | D:12     | 18366 ||| ENCHANTING +1 broad axe of freezing.
 18471 | D:12     | Found a portal to a secret trove of treasure.
 18546 | D:12     | 18546 ||| UPGRADING to +2 pair of gloves of infusion.
 18556 | D:12     | 18556 ||| DROPPING +1 pair of gloves.
 18557 | D:12     | 18557 ||| DROPPING ring of Buuh Lotz {rN++ Str+3 Int+6
                  | Slay-5}.
 18924 | D:13     | Reached skill level 12 in Armour
 19474 | D:13     | 19474 ||| READING scroll of brand weapon.
 19474 | D:13     | 19474 ||| BRANDING +2 broad axe of freezing.
 19513 | D:13     | Noticed a lich
 19515 | D:13     | Noticed a lich
 19516 | D:13     | 19516 ||| INVOKING Heroism.
 19516 | D:13     | Noticed a lich
 19518 | D:13     | 19518 ||| READING 6 scrolls of teleportation.
 19518 | D:13     | Noticed qw's ghost (journeyman GrFi)
 19519 | D:13     | Noticed a lich
 19633 | D:13     | 19633 ||| Stepping ~*~*~tactically~*~*~ (stealth).
 19639 | D:13     | 19639 ||| INVOKING Heroism.
 19640 | D:13     | 19640 ||| READING 5 scrolls of teleportation.
 19753 | D:13     | Found a runed translucent gate.
 19753 | D:13     | Found a runed translucent gate.
 19753 | D:13     | Found a runed translucent gate.
 19755 | D:13     | Found an ancient bone altar of Kikubaaqudgha.
 19766 | D:13     | 19766 ||| DROPPING +6 ring of intelligence.
 19854 | D:14     | 19854 ||| Stepping ~*~*~tactically~*~*~ (hiding).
 19869 | D:14     | 19869 ||| INVOKING Heroism.
 19949 | D:14     | 19949 ||| FLEEEEING.
 19950 | D:14     | 19950 ||| FLEEEEING.
 19951 | D:14     | 19951 ||| FLEEEEING.
 19952 | D:14     | 19952 ||| FLEEEEING.
 19953 | D:14     | 19953 ||| FLEEEEING.
 19954 | D:14     | 19954 ||| FLEEEEING.
 19955 | D:14     | 19955 ||| FLEEEEING.
 19956 | D:14     | 19956 ||| FLEEEEING.
 19997 | D:14     | 19997 ||| Stepping ~*~*~tactically~*~*~ (stealth).
 20004 | D:14     | 20004 ||| INVOKING Heroism.
 20009 | D:14     | HP: 21/96 [cyan ugly thing (10)]
 20010 | D:14     | 20010 ||| READING 4 scrolls of teleportation.
 20011 | D:14     | 20011 ||| DRINKING potion of heal wounds.
 20206 | D:14     | 20206 ||| INVOKING Heroism.
 20216 | D:14     | 20216 ||| Stepping ~*~*~tactically~*~*~ (hiding).
 20355 | D:14     | 20355 ||| Stepping ~*~*~tactically~*~*~ (stealth).
 20356 | D:14     | 20356 ||| Stepping ~*~*~tactically~*~*~ (stealth).
 20402 | D:14     | 20402 ||| Stepping ~*~*~tactically~*~*~ (stealth).
 20403 | D:14     | 20403 ||| Stepping ~*~*~tactically~*~*~ (stealth).
 20532 | D:14     | 20532 ||| Stepping ~*~*~tactically~*~*~ (hiding).
 20534 | D:14     | 20534 ||| Stepping ~*~*~tactically~*~*~ (hiding).
 20543 | D:14     | Reached XP level 16. HP: 87/101 MP: 16/23
 20599 | D:14     | 20599 ||| READING scroll of enchant armour.
 20599 | D:14     | 20599 ||| ENCHANTING +0 helmet.
 20724 | D:14     | Found a gate to the Vaults.
 20797 | D:14     | 20797 ||| INVOKING Heroism.
 21024 | D:14     | 21024 ||| Stepping ~*~*~tactically~*~*~ (stealth).
 21034 | D:14     | 21034 ||| INVOKING Heroism.
 21039 | D:14     | Reached skill level 3 in Dodging
 21451 | D:14     | 21451 ||| DROPPING ring of ice.
 21511 | D:15     | Entered Level 15 of the Dungeon
 21536 | D:15     | 21536 ||| FLEEEEING.
 21537 | D:15     | Received a gift from Okawaru
 21558 | D:15     | 21558 ||| Stepping ~*~*~tactically~*~*~ (stealth).
 21570 | D:15     | 21570 ||| FLEEEEING.
 21571 | D:15     | 21571 ||| FLEEEEING.
 21572 | D:15     | 21572 ||| FLEEEEING.
 21573 | D:15     | 21573 ||| FLEEEEING.
 21574 | D:15     | 21574 ||| FLEEEEING.
 21575 | D:15     | 21575 ||| FLEEEEING.
 21576 | D:15     | 21576 ||| FLEEEEING.
 21577 | D:15     | 21577 ||| FLEEEEING.
 21581 | D:15     | 21581 ||| FLEEEEING.
 21582 | D:15     | 21582 ||| FLEEEEING.
 21583 | D:15     | 21583 ||| FLEEEEING.
 21584 | D:15     | 21584 ||| FLEEEEING.
 21585 | D:15     | 21585 ||| FLEEEEING.
 21586 | D:15     | 21586 ||| FLEEEEING.
 21590 | D:15     | 21590 ||| FLEEEEING.
 21591 | D:15     | 21591 ||| FLEEEEING.
 21592 | D:15     | 21592 ||| FLEEEEING.
 21593 | D:15     | 21593 ||| FLEEEEING.
 21594 | D:15     | 21594 ||| FLEEEEING.
 21595 | D:15     | 21595 ||| FLEEEEING.
 21596 | D:15     | 21596 ||| STAIRDANCE
 21629 | D:15     | 21629 ||| STAIRDANCE
 21895 | D:15     | 21895 ||| INVOKING Heroism.
 22084 | D:15     | 22084 ||| FLEEEEING.
 22085 | D:15     | 22085 ||| FLEEEEING.
 22205 | D:15     | 22205 ||| INVOKING Heroism.
 22297 | D:15     | 22297 ||| INVOKING Heroism.
 22300 | D:15     | 22300 ||| Stepping ~*~*~tactically~*~*~ (hiding).
 22304 | D:15     | Received a gift from Okawaru
 22380 | D:15     | Found a staircase to the Depths.
 22457 | D:15     | 22457 ||| PLANNING ORC
 22457 | D:15     | 22457 ||| READING 15 scrolls of identify.
 22457 | D:15     | 22457 ||| IDENTIFYING fizzy red potion
 22525 | Orc:1    | Entered Level 1 of the Orcish Mines
 22588 | Orc:1    | 22588 ||| Stepping ~*~*~tactically~*~*~ (hiding).
 22684 | Orc:1    | 22684 ||| FLEEEEING.
 22685 | Orc:1    | 22685 ||| FLEEEEING.
 22686 | Orc:1    | 22686 ||| FLEEEEING.
 22714 | Orc:1    | 22714 ||| INVOKING Heroism.
 22715 | Orc:1    | 22715 ||| Stepping ~*~*~tactically~*~*~ (stealth).
 22728 | Orc:1    | Received a gift from Okawaru
 22731 | Orc:1    | 22731 ||| Stepping ~*~*~tactically~*~*~ (hiding).
 22939 | Orc:1    | 22939 ||| Stepping ~*~*~tactically~*~*~ (hiding).
 22940 | Orc:1    | 22940 ||| INVOKING Heroism.
 22988 | Orc:1    | 22988 ||| Stepping ~*~*~tactically~*~*~ (stealth).
 23003 | Orc:1    | 23003 ||| SWAPPING to +2 war axe of flaming.
 23004 | Orc:1    | 23004 ||| DROPPING +1 morningstar of holy wrath.
 23010 | Orc:1    | 23010 ||| Stepping ~*~*~tactically~*~*~ (hiding).
 23035 | Orc:1    | Found a bloodstained altar of Trog.
 23278 | Orc:2    | Entered Level 2 of the Orcish Mines
 23434 | Orc:2    | Found a radiant altar of Vehumet.
 23439 | Orc:2    | 23439 ||| DRINKING 2 potions of curing.
 23439 | Orc:2    | 23439 ||| (to cure confusion)
 23454 | Orc:2    | 23454 ||| FLEEEEING.
 23455 | Orc:2    | 23455 ||| FLEEEEING.
 23456 | Orc:2    | 23456 ||| FLEEEEING.
 23457 | Orc:2    | 23457 ||| FLEEEEING.
 23458 | Orc:2    | 23458 ||| FLEEEEING.
 23459 | Orc:2    | 23459 ||| FLEEEEING.
 23460 | Orc:2    | 23460 ||| FLEEEEING.
 23461 | Orc:2    | 23461 ||| FLEEEEING.
 23462 | Orc:2    | 23462 ||| FLEEEEING.
 23465 | Orc:2    | 23465 ||| FLEEEEING.
 23466 | Orc:2    | 23466 ||| FLEEEEING.
 23467 | Orc:2    | 23467 ||| FLEEEEING.
 23468 | Orc:2    | 23468 ||| FLEEEEING.
 23469 | Orc:2    | 23469 ||| FLEEEEING.
 23470 | Orc:2    | 23470 ||| FLEEEEING.
 23471 | Orc:2    | 23471 ||| FLEEEEING.
 23472 | Orc:2    | 23472 ||| FLEEEEING.
 23473 | Orc:2    | 23473 ||| FLEEEEING.
 23474 | Orc:2    | 23474 ||| STAIRDANCE
 23535 | Orc:2    | 23535 ||| STAIRDANCE
 23558 | Orc:2    | 23558 ||| Stepping ~*~*~tactically~*~*~ (hiding).
 23561 | Orc:2    | 23561 ||| Stepping ~*~*~tactically~*~*~ (hiding).
 23632 | Orc:2    | 23632 ||| Stepping ~*~*~tactically~*~*~ (hiding).
 23634 | Orc:2    | 23634 ||| Stepping ~*~*~tactically~*~*~ (hiding).
 23635 | Orc:2    | 23635 ||| Stepping ~*~*~tactically~*~*~ (hiding).
 23773 | Orc:1    | 23773 ||| Stepping ~*~*~tactically~*~*~ (stealth).
 23774 | Orc:1    | 23774 ||| Stepping ~*~*~tactically~*~*~ (stealth).
 23782 | Orc:1    | 23782 ||| INVOKING Heroism.
 23803 | Orc:1    | 23803 ||| Stepping ~*~*~tactically~*~*~ (stealth).
 23991 | Orc:2    | 23991 ||| Stepping ~*~*~tactically~*~*~ (hiding).
 23994 | Orc:2    | 23994 ||| Stepping ~*~*~tactically~*~*~ (hiding).
 23995 | Orc:2    | 23995 ||| Stepping ~*~*~tactically~*~*~ (hiding).
 24011 | Orc:2    | Found a staircase to the Elven Halls.
 24033 | Orc:2    | 24033 ||| FLEEEEING.
 24034 | Orc:2    | 24034 ||| INVOKING Heroism.
 24038 | Orc:2    | 24038 ||| Stepping ~*~*~tactically~*~*~ (hiding).
 24042 | Orc:2    | 24042 ||| Stepping ~*~*~tactically~*~*~ (stealth).
 24052 | Orc:2    | Received a gift from Okawaru
 24067 | Orc:2    | 24067 ||| FLEEEEING.
 24068 | Orc:2    | 24068 ||| FLEEEEING.
 24069 | Orc:2    | 24069 ||| FLEEEEING.
 24113 | Orc:2    | 24113 ||| Stepping ~*~*~tactically~*~*~ (stealth).
 24114 | Orc:2    | 24114 ||| Stepping ~*~*~tactically~*~*~ (stealth).
 24115 | Orc:2    | 24115 ||| INVOKING Heroism.
 24155 | Orc:2    | 24155 ||| FLEEEEING.
 24156 | Orc:2    | 24156 ||| FLEEEEING.
 24157 | Orc:2    | 24157 ||| FLEEEEING.
 24164 | Orc:2    | 24164 ||| FLEEEEING.
 24165 | Orc:2    | 24165 ||| FLEEEEING.
 24166 | Orc:2    | 24166 ||| FLEEEEING.
 24170 | Orc:2    | 24170 ||| FLEEEEING.
 24171 | Orc:2    | 24171 ||| FLEEEEING.
 24172 | Orc:2    | 24172 ||| FLEEEEING.
 24177 | Orc:2    | 24177 ||| FLEEEEING.
 24178 | Orc:2    | 24178 ||| FLEEEEING.
 24179 | Orc:2    | 24179 ||| FLEEEEING.
 24180 | Orc:2    | 24180 ||| FLEEEEING.
 24181 | Orc:2    | 24181 ||| FLEEEEING.
 24182 | Orc:2    | 24182 ||| FLEEEEING.
 24183 | Orc:2    | 24183 ||| STAIRDANCE
 24333 | Orc:2    | 24333 ||| STAIRDANCE
 24371 | Orc:2    | 24371 ||| Stepping ~*~*~tactically~*~*~ (stealth).
 24402 | Orc:2    | 24402 ||| INVOKING Heroism.
 24410 | Orc:2    | 24410 ||| Stepping ~*~*~tactically~*~*~ (hiding).
 24411 | Orc:2    | 24411 ||| Stepping ~*~*~tactically~*~*~ (hiding).
 24473 | Orc:2    | 24473 ||| FLEEEEING.
 24474 | Orc:2    | 24474 ||| FLEEEEING.
 24475 | Orc:2    | 24475 ||| FLEEEEING.
 24476 | Orc:2    | 24476 ||| FLEEEEING.
 24477 | Orc:2    | 24477 ||| FLEEEEING.
 24478 | Orc:2    | 24478 ||| FLEEEEING.
 24479 | Orc:2    | 24479 ||| FLEEEEING.
 24493 | Orc:2    | 24493 ||| Stepping ~*~*~tactically~*~*~ (hiding).
 24563 | Orc:2    | 24563 ||| FLEEEEING.
 24564 | Orc:2    | 24564 ||| FLEEEEING.
 24565 | Orc:2    | 24565 ||| FLEEEEING.
 24566 | Orc:2    | 24566 ||| FLEEEEING.
 24569 | Orc:2    | 24569 ||| INVOKING Heroism.
 24590 | Orc:2    | HP: 14/104 [orc priest/divine providence (17)]
 24591 | Orc:2    | 24591 ||| READING 4 scrolls of teleportation.
 24592 | Orc:2    | HP: 1/104 [orc priest/divine providence (14)]
 24978 | Orc:2    | Found Quihuty's General Store.
 24978 | Orc:2    | Found Kieskedgh's Armour Emporium.
 24983 | Orc:2    | 24983 ||| BUYING 2 potions of heal wounds (130 gold).
 24983 | Orc:2    | Bought 2 potions of heal wounds for 130 gold pieces
 24983 | Orc:2    | 24983 ||| BUYING potion of cancellation (104 gold).
 24983 | Orc:2    | Bought a potion of cancellation for 104 gold pieces
 24983 | Orc:2    | 24983 ||| BUYING scroll of enchant weapon (97 gold).
 24983 | Orc:2    | Bought a scroll of enchant weapon for 97 gold pieces
 24983 | Orc:2    | 24983 ||| BUYING scroll of teleportation (39 gold).
 24983 | Orc:2    | Bought a scroll of teleportation for 39 gold pieces
 24983 | Orc:2    | 24983 ||| READING scroll of enchant weapon.
 24983 | Orc:2    | 24983 ||| ENCHANTING +2 war axe of flaming.
 24993 | Orc:2    | 24993 ||| BUYING +1 plate armour "Ehibupopi" {rF+} (546
                  | gold).
 24993 | Orc:2    | Bought the +1 plate armour "Ehibupopi" {rF+} for 546 gold
                  | pieces
 25127 | Orc:2    | 25127 ||| Stepping ~*~*~tactically~*~*~ (stealth).
 25132 | Orc:2    | 25132 ||| Stepping ~*~*~tactically~*~*~ (hiding).
 25133 | Orc:2    | 25133 ||| FLEEEEING.
 25134 | Orc:2    | 25134 ||| FLEEEEING.
 25135 | Orc:2    | 25135 ||| FLEEEEING.
 25136 | Orc:2    | 25136 ||| FLEEEEING.
 25137 | Orc:2    | 25137 ||| FLEEEEING.
 25138 | Orc:2    | 25138 ||| FLEEEEING.
 25139 | Orc:2    | 25139 ||| FLEEEEING.
 25140 | Orc:2    | 25140 ||| FLEEEEING.
 25141 | Orc:2    | 25141 ||| FLEEEEING.
 25142 | Orc:2    | 25142 ||| FLEEEEING.
 25317 | Orc:2    | 25317 ||| INVOKING Heroism.
 25362 | Orc:2    | Found Itick's Book Shop.
 25362 | Orc:2    | Found Isapt's Book Emporium.
 25467 | Orc:2    | 25467 ||| Stepping ~*~*~tactically~*~*~ (hiding).
 25483 | Orc:2    | 25483 ||| PLANNING SPIDER:1-3
 25483 | Orc:2    | 25483 ||| DROPPING +1 chain mail of fire resistance.
 25484 | Orc:2    | 25484 ||| UPGRADING to +1 plate armour "Ehibupopi" {rF+}.
 25494 | Orc:2    | 25494 ||| DROPPING +0 plate armour.
 25719 | Spider:1 | Entered Level 1 of the Spider Nest
 25723 | Spider:1 | 25723 ||| STAIRDANCE
 25728 | Lair:3   | 25728 ||| INVOKING Heroism.
 25833 | Spider:1 | 25833 ||| STAIRDANCE
 25914 | Spider:1 | Received a gift from Okawaru
 25915 | Spider:1 | Reached skill level 6 in Throwing
 26216 | Spider:1 | 26216 ||| Stepping ~*~*~tactically~*~*~ (hiding).
 26537 | Spider:1 | 26537 ||| Stepping ~*~*~tactically~*~*~ (stealth).
 26547 | Spider:1 | Reached skill level 13 in Armour
 26678 | Spider:1 | 26678 ||| INVOKING Heroism.
 26768 | Spider:1 | 26768 ||| FLEEEEING.
 26769 | Spider:1 | 26769 ||| FLEEEEING.
 26770 | Spider:1 | 26770 ||| FLEEEEING.
 26771 | Spider:1 | 26771 ||| FLEEEEING.
 26772 | Spider:1 | 26772 ||| FLEEEEING.
 26773 | Spider:1 | 26773 ||| FLEEEEING.
 26774 | Spider:1 | 26774 ||| FLEEEEING.
 26775 | Spider:1 | 26775 ||| FLEEEEING.
 26776 | Spider:1 | 26776 ||| FLEEEEING.
 26777 | Spider:1 | 26777 ||| FLEEEEING.
 26778 | Spider:1 | 26778 ||| FLEEEEING.
 26779 | Spider:1 | 26779 ||| FLEEEEING.
 26780 | Spider:1 | 26780 ||| FLEEEEING.
 26781 | Spider:1 | 26781 ||| FLEEEEING.
 26782 | Spider:1 | 26782 ||| FLEEEEING.
 26783 | Spider:1 | 26783 ||| FLEEEEING.
 26784 | Spider:1 | 26784 ||| FLEEEEING.
 26785 | Spider:1 | 26785 ||| FLEEEEING.
 26787 | Spider:1 | 26787 ||| FLEEEEING.
 26788 | Spider:1 | 26788 ||| FLEEEEING.
 27057 | Spider:1 | Received a gift from Okawaru
 27110 | Spider:1 | Reached XP level 17. HP: 108/108 MP: 16/24
 27363 | Spider:1 | 27363 ||| Stepping ~*~*~tactically~*~*~ (hiding).
 27364 | Spider:1 | 27364 ||| INVOKING Finesse.
 27371 | Spider:1 | 27371 ||| INVOKING Heroism.
 27506 | Spider:1 | 27506 ||| Stepping ~*~*~tactically~*~*~ (hiding).
 27512 | Spider:1 | 27512 ||| INVOKING Finesse.
 27656 | Spider:2 | 27656 ||| STAIRDANCE
 27725 | Spider:2 | 27725 ||| STAIRDANCE
 27863 | Spider:2 | 27863 ||| Stepping ~*~*~tactically~*~*~ (hiding).
 27866 | Spider:2 | 27866 ||| INVOKING Finesse.
 27879 | Spider:2 | Received a gift from Okawaru
 28046 | Spider:2 | You are sucked into a shaft and drop 1 floor!
 28135 | Spider:3 | 28135 ||| DRINKING 3 potions of curing.
 28135 | Spider:3 | 28135 ||| (to cure confusion)
 28237 | Spider:3 | 28237 ||| INVOKING Heroism.
 28506 | Spider:3 | Noticed Jorgrun
 28507 | Spider:3 | 28507 ||| Stepping ~*~*~tactically~*~*~ (hiding).
 28508 | Spider:3 | 28508 ||| Stepping ~*~*~tactically~*~*~ (hiding).
 28518 | Spider:3 | Killed Jorgrun
 28518 | Spider:3 | Received a gift from Okawaru
 28519 | Spider:3 | 28519 ||| INVOKING Finesse.
 28722 | Spider:3 | 28722 ||| Stepping ~*~*~tactically~*~*~ (stealth).
 28756 | Spider:3 | 28756 ||| Stepping ~*~*~tactically~*~*~ (stealth).
 28912 | Spider:3 | 28912 ||| Stepping ~*~*~tactically~*~*~ (hiding).
 28969 | Spider:3 | 28969 ||| INVOKING Heroism.
 29360 | Spider:2 | 29360 ||| Stepping ~*~*~tactically~*~*~ (stealth).
 29362 | Spider:2 | 29362 ||| Stepping ~*~*~tactically~*~*~ (hiding).
 29370 | Spider:2 | 29370 ||| INVOKING Finesse.
 29372 | Spider:2 | Received a gift from Okawaru
 29613 | Spider:2 | 29613 ||| Stepping ~*~*~tactically~*~*~ (stealth).
 29642 | Spider:2 | Identified the +0 leather armour of Anarchy {rElec Dex+7}
 29793 | Spider:2 | 29793 ||| INVOKING Heroism.
 29940 | Spider:2 | 29940 ||| Stepping ~*~*~tactically~*~*~ (stealth).
 29944 | Spider:2 | 29944 ||| Stepping ~*~*~tactically~*~*~ (hiding).
 29945 | Spider:2 | 29945 ||| Stepping ~*~*~tactically~*~*~ (hiding).
 29972 | Spider:2 | 29972 ||| Stepping ~*~*~tactically~*~*~ (stealth).
 29976 | Spider:2 | 29976 ||| Stepping ~*~*~tactically~*~*~ (stealth).
 29978 | Spider:2 | 29978 ||| Stepping ~*~*~tactically~*~*~ (stealth).
 30031 | Spider:2 | 30031 ||| Stepping ~*~*~tactically~*~*~ (hiding).
 30036 | Spider:2 | Reached skill level 14 in Armour
 30164 | Spider:2 | 30164 ||| Stepping ~*~*~tactically~*~*~ (stealth).
 30165 | Spider:2 | 30165 ||| Stepping ~*~*~tactically~*~*~ (stealth).
 30343 | Spider:2 | 30343 ||| Stepping ~*~*~tactically~*~*~ (stealth).
 30344 | Spider:2 | 30344 ||| Stepping ~*~*~tactically~*~*~ (stealth).
 30534 | Spider:2 | 30534 ||| Stepping ~*~*~tactically~*~*~ (stealth).
 30590 | Spider:2 | 30590 ||| Stepping ~*~*~tactically~*~*~ (stealth).
 30592 | Spider:2 | 30592 ||| Stepping ~*~*~tactically~*~*~ (stealth).
 30593 | Spider:2 | 30593 ||| Stepping ~*~*~tactically~*~*~ (stealth).
 30689 | Spider:2 | 30689 ||| INVOKING Heroism.
 31069 | Spider:3 | Noticed Arachne
 31070 | Spider:3 | 31070 ||| INVOKING Finesse.
 31080 | Spider:3 | 31080 ||| Stepping ~*~*~tactically~*~*~ (hiding).
 31084 | Spider:3 | 31084 ||| Stepping ~*~*~tactically~*~*~ (hiding).
 31102 | Spider:3 | 31102 ||| INVOKING Heroism.
 31105 | Spider:3 | 31105 ||| INVOKING Finesse.
 31111 | Spider:3 | Killed Arachne
 31111 | Spider:3 | Received a gift from Okawaru
 31579 | Spider:3 | 31579 ||| PLANNING SHOALS:1-3
 31671 | Shoals:1 | Entered Level 1 of the Shoals
 31698 | Shoals:1 | 31698 ||| INVOKING Heroism.
 31817 | Shoals:1 | 31817 ||| INVOKING Heroism.
 31841 | Shoals:1 | Identified the ring of Law {Wiz rElec Will+ Str-4 Dex+4}
 32225 | Shoals:1 | 32225 ||| INVOKING Heroism.
 32355 | Shoals:1 | 32355 ||| Stepping ~*~*~tactically~*~*~ (stealth).
 32356 | Shoals:1 | 32356 ||| Stepping ~*~*~tactically~*~*~ (stealth).
 32359 | Shoals:1 | Received a gift from Okawaru
 32360 | Shoals:1 | Reached skill level 15 in Fighting
 32387 | Shoals:1 | 32387 ||| FLEEEEING.
 32389 | Shoals:1 | 32389 ||| FLEEEEING.
 32390 | Shoals:1 | 32390 ||| FLEEEEING.
 32391 | Shoals:1 | 32391 ||| FLEEEEING.
 32587 | Shoals:1 | 32587 ||| Stepping ~*~*~tactically~*~*~ (hiding).
 32959 | Shoals:1 | 32959 ||| DROPPING ring of Law {Wiz rElec Will+ Str-4
                  | Dex+4}.
 32960 | Shoals:1 | 32960 ||| READING 18 scrolls of identify.
 32960 | Shoals:1 | 32960 ||| IDENTIFYING fuming black potion
 32961 | Shoals:1 | 32961 ||| DROPPING potion of berserk rage.
 33005 | Shoals:2 | 33005 ||| STAIRDANCE
 33139 | Shoals:2 | Identified the ring of the Brewing Hero {rF+ Slay+4 Stlth+}
 33231 | Shoals:2 | Found a shimmering altar of Xom.
 33498 | Shoals:2 | Reached skill level 15 in Armour
 33530 | Shoals:2 | Found a hazy altar of Hepliaklqana.
 33818 | Shoals:2 | Noticed Nikola
 33819 | Shoals:2 | 33819 ||| INVOKING Heroism.
 33822 | Shoals:2 | 33822 ||| INVOKING Finesse.
 33841 | Shoals:2 | Killed Nikola
 33841 | Shoals:2 | Received a gift from Okawaru
 33842 | Shoals:2 | Reached XP level 18. HP: 107/119 MP: 0/25
 33842 | Shoals:2 | 33842 ||| SWAPPING to +2 heavy broad axe.
 34008 | Shoals:2 | 34008 ||| DROPPING +3 war axe of flaming.
 34264 | Shoals:2 | 34264 ||| DROPPING ring of positive energy.
 34265 | Shoals:2 | 34265 ||| UPGRADING to ring of the Brewing Hero {rF+ Slay+4
                  | Stlth+}.
 34267 | Shoals:2 | 34267 ||| DROPPING ring of willpower.
 34268 | Shoals:2 | 34268 ||| UPGRADING to +5 ring of evasion.
 34270 | Shoals:2 | 34270 ||| DROPPING ring of see invisible.
 34271 | Shoals:2 | 34271 ||| READING scroll labelled RISUIM EPLA.
 34281 | Shoals:3 | 34281 ||| INVOKING Heroism.
 34343 | Shoals:3 | Identified the +9 long sword of Mana {protect, Will- Dex+4}
                  | (Okawaru gifted it to you on level 3 of the Shoals)
 34343 | Shoals:3 | Received a gift from Okawaru
 34370 | Shoals:3 | 34370 ||| INVOKING Heroism.
 34495 | Shoals:3 | 34495 ||| Stepping ~*~*~tactically~*~*~ (stealth).
 34498 | Shoals:3 | 34498 ||| Stepping ~*~*~tactically~*~*~ (hiding).
 34546 | Shoals:3 | 34546 ||| INVOKING Heroism.
 34684 | Shoals:3 | 34684 ||| INVOKING Heroism.
 34687 | Shoals:3 | 34687 ||| INVOKING Finesse.
 34876 | Shoals:3 | 34876 ||| INVOKING Heroism.
 34881 | Shoals:3 | Reached skill level 18 in Axes
 34947 | Shoals:3 | 34947 ||| INVOKING Heroism.
 35150 | Shoals:3 | 35150 ||| FLEEEEING.
 35151 | Shoals:3 | 35151 ||| FLEEEEING.
 35398 | Shoals:3 | Found Mihegak's Merry Market.
 35431 | Shoals:3 | 35431 ||| BUYING potion of might (72 gold).
 35431 | Shoals:3 | Bought a potion of might for 72 gold pieces
 35431 | Shoals:3 | 35431 ||| BUYING potion of mutation (144 gold).
 35431 | Shoals:3 | Bought a potion of mutation for 144 gold pieces
 35540 | Shoals:3 | 35540 ||| INVOKING Heroism.
 35543 | Shoals:3 | Reached skill level 15 in Shields
 35654 | Shoals:3 | 35654 ||| INVOKING Heroism.
 36054 | Shoals:3 | 36054 ||| PLANNING SPIDER:4
 36236 | Spider:4 | Entered Level 4 of the Spider Nest
 36580 | Spider:4 | 36580 ||| Stepping ~*~*~tactically~*~*~ (hiding).
 36584 | Spider:4 | 36584 ||| Stepping ~*~*~tactically~*~*~ (hiding).
 36585 | Spider:4 | 36585 ||| Stepping ~*~*~tactically~*~*~ (hiding).
 36592 | Spider:4 | Noticed Louise
 36607 | Spider:4 | 36607 ||| Stepping ~*~*~tactically~*~*~ (hiding).
 36623 | Spider:4 | Killed Louise
 36623 | Spider:4 | Received a gift from Okawaru
 36640 | Spider:4 | 36640 ||| Stepping ~*~*~tactically~*~*~ (stealth).
 36643 | Spider:4 | 36643 ||| Stepping ~*~*~tactically~*~*~ (stealth).
 36646 | Spider:4 | 36646 ||| Stepping ~*~*~tactically~*~*~ (stealth).
 36662 | Spider:4 | 36662 ||| Stepping ~*~*~tactically~*~*~ (stealth).
 36688 | Spider:4 | 36688 ||| Stepping ~*~*~tactically~*~*~ (stealth).
 36690 | Spider:4 | 36690 ||| Stepping ~*~*~tactically~*~*~ (stealth).
 36691 | Spider:4 | 36691 ||| Stepping ~*~*~tactically~*~*~ (stealth).
 36699 | Spider:4 | 36699 ||| Stepping ~*~*~tactically~*~*~ (stealth).
 36721 | Spider:4 | 36721 ||| Stepping ~*~*~tactically~*~*~ (stealth).
 36723 | Spider:4 | 36723 ||| Stepping ~*~*~tactically~*~*~ (stealth).
 36724 | Spider:4 | 36724 ||| Stepping ~*~*~tactically~*~*~ (stealth).
 36749 | Spider:4 | 36749 ||| Stepping ~*~*~tactically~*~*~ (stealth).
 36805 | Spider:4 | 36805 ||| Stepping ~*~*~tactically~*~*~ (stealth).
 36868 | Spider:4 | 36868 ||| INVOKING Heroism.
 36913 | Spider:4 | 36913 ||| Stepping ~*~*~tactically~*~*~ (stealth).
 36967 | Spider:4 | 36967 ||| Stepping ~*~*~tactically~*~*~ (stealth).
 37033 | Spider:4 | Identified the +1 pair of gloves of the Illusory Suns
                  | {Will+ Int+3 Dex-4 Stlth+} (Okawaru gifted it to you on
                  | level 4 of the Spider Nest)
 37033 | Spider:4 | Received a gift from Okawaru
 37050 | Spider:4 | HP: 28/120 [culicivora zombie (13)]
 37051 | Spider:4 | 37051 ||| READING 9 scrolls of teleportation.
 37052 | Spider:4 | 37052 ||| DRINKING 3 potions of heal wounds.
 37278 | Spider:4 | 37278 ||| Stepping ~*~*~tactically~*~*~ (hiding).
 37436 | Spider:4 | 37436 ||| INVOKING Heroism.
 37437 | Spider:4 | 37437 ||| Stepping ~*~*~tactically~*~*~ (hiding).
 37511 | Spider:4 | 37511 ||| Stepping ~*~*~tactically~*~*~ (hiding).
 37512 | Spider:4 | 37512 ||| Stepping ~*~*~tactically~*~*~ (hiding).
 37515 | Spider:4 | 37515 ||| INVOKING Heroism.
 37524 | Spider:4 | Reached skill level 16 in Armour
 37623 | Spider:4 | 37623 ||| Stepping ~*~*~tactically~*~*~ (hiding).
 37629 | Spider:4 | 37629 ||| INVOKING Finesse.
 37671 | Spider:4 | 37671 ||| Stepping ~*~*~tactically~*~*~ (stealth).
 37672 | Spider:4 | 37672 ||| INVOKING Heroism.
 37923 | Spider:4 | 37923 ||| INVOKING Heroism.
 38074 | Spider:4 | 38074 ||| INVOKING Heroism.
 38079 | Spider:4 | Reached XP level 19. HP: 64/125 MP: 0/26
 38309 | Spider:4 | Found the +3 Mad Mage's Maulers {Infuse+∞ VampMP -Cast}
 38314 | Spider:4 | 38314 ||| INVOKING Heroism.
 38486 | Spider:4 | Got a gossamer rune of Zot
 38520 | Spider:4 | 38520 ||| PLANNING VAULTS:1-4
 38520 | Spider:4 | 38520 ||| UPGRADING to +0 tower shield.
 38530 | Spider:4 | 38530 ||| UPGRADING to +1 pair of gloves of the Illusory
                  | Suns {Will+ Int+3 Dex-4 Stlth+}.
 38540 | Spider:4 | 38540 ||| DROPPING +0 kite shield.
 38541 | Spider:4 | 38541 ||| DROPPING +0 pair of gloves of infusion.
 38962 | Vaults:1 | Entered Level 1 of the Vaults
 39199 | Vaults:1 | 39199 ||| INVOKING Heroism.
 39641 | Vaults:1 | 39641 ||| INVOKING Heroism.
 39878 | Vaults:1 | 39878 ||| Stepping ~*~*~tactically~*~*~ (hiding).
 39967 | Vaults:1 | Received a gift from Okawaru
 40123 | Vaults:1 | Received a gift from Okawaru
 40178 | Vaults:1 | 40178 ||| INVOKING Heroism.
 40298 | Vaults:1 | 40298 ||| Stepping ~*~*~tactically~*~*~ (stealth).
 40300 | Vaults:1 | 40300 ||| INVOKING Heroism.
 40472 | Vaults:1 | 40472 ||| DROPPING +2 chain mail of poison resistance.
 40473 | Vaults:1 | 40473 ||| READING scroll labelled NUQIOSMALLU.
 40517 | Vaults:2 | 40517 ||| STAIRDANCE
 40629 | Vaults:2 | Received a gift from Okawaru
 40663 | Vaults:2 | 40663 ||| Stepping ~*~*~tactically~*~*~ (stealth).
 40769 | Vaults:2 | Found a staircase to the Crypt.
 40769 | Vaults:2 | Found an ancient bone altar of Kikubaaqudgha.
 40770 | Vaults:2 | 40770 ||| Stepping ~*~*~tactically~*~*~ (stealth).
 40772 | Vaults:2 | 40772 ||| Stepping ~*~*~tactically~*~*~ (stealth).
 40784 | Vaults:2 | Received a gift from Okawaru
 40852 | Vaults:2 | Found a basalt altar of Yredelemnul.
 40877 | Vaults:2 | 40877 ||| INVOKING Heroism.
 40883 | Vaults:2 | Received a gift from Okawaru
 40917 | Vaults:2 | 40917 ||| Stepping ~*~*~tactically~*~*~ (hiding).
 40919 | Vaults:2 | 40919 ||| Stepping ~*~*~tactically~*~*~ (hiding).
 40921 | Vaults:2 | 40921 ||| INVOKING Heroism.
 41116 | Vaults:2 | 41116 ||| INVOKING Heroism.
 41118 | Vaults:2 | 41118 ||| DRINKING 6 potions of curing.
 41118 | Vaults:2 | 41118 ||| (to cure confusion)
 41119 | Vaults:2 | Received a gift from Okawaru
 41120 | Vaults:2 | Reached skill level 18 in Shields
 41160 | Vaults:2 | 41160 ||| INVOKING Heroism.
 41161 | Vaults:2 | 41161 ||| INVOKING Finesse.
 41425 | Vaults:2 | Received a gift from Okawaru
 41618 | Vaults:2 | 41618 ||| Stepping ~*~*~tactically~*~*~ (hiding).
 41910 | Vaults:2 | 41910 ||| FLEEEEING.
 41911 | Vaults:2 | 41911 ||| FLEEEEING.
 41922 | Vaults:2 | 41922 ||| FLEEEEING.
 41923 | Vaults:2 | 41923 ||| FLEEEEING.
 41924 | Vaults:2 | 41924 ||| FLEEEEING.
 41925 | Vaults:2 | 41925 ||| FLEEEEING.
 41927 | Vaults:2 | 41927 ||| FLEEEEING.
 41928 | Vaults:2 | 41928 ||| FLEEEEING.
 41940 | Vaults:2 | 41940 ||| FLEEEEING.
 41943 | Vaults:2 | 41943 ||| FLEEEEING.
 41944 | Vaults:2 | 41944 ||| FLEEEEING.
 41945 | Vaults:2 | 41945 ||| FLEEEEING.
 41946 | Vaults:2 | 41946 ||| FLEEEEING.
 41947 | Vaults:2 | 41947 ||| FLEEEEING.
 41949 | Vaults:2 | 41949 ||| STAIRDANCE
 42001 | Vaults:2 | 42001 ||| Stepping ~*~*~tactically~*~*~ (hiding).
 42002 | Vaults:2 | 42002 ||| INVOKING Heroism.
 42047 | Vaults:2 | Found a transporter.
 42058 | Vaults:2 | Found a transporter.
 42231 | Vaults:2 | 42231 ||| Stepping ~*~*~tactically~*~*~ (stealth).
 42298 | Vaults:2 | 42298 ||| Stepping ~*~*~tactically~*~*~ (hiding).
 42299 | Vaults:2 | 42299 ||| Stepping ~*~*~tactically~*~*~ (hiding).
 42300 | Vaults:2 | 42300 ||| Stepping ~*~*~tactically~*~*~ (hiding).
 42301 | Vaults:2 | 42301 ||| Stepping ~*~*~tactically~*~*~ (hiding).
 42325 | Vaults:2 | 42325 ||| Stepping ~*~*~tactically~*~*~ (stealth).
 42407 | Vaults:2 | 42407 ||| Stepping ~*~*~tactically~*~*~ (hiding).
 42409 | Vaults:2 | 42409 ||| Stepping ~*~*~tactically~*~*~ (hiding).
 42583 | Vaults:2 | 42583 ||| UPGRADING to +3 plate armour.
 42623 | Vaults:3 | 42623 ||| Stepping ~*~*~tactically~*~*~ (stealth).
 42624 | Vaults:3 | 42624 ||| Stepping ~*~*~tactically~*~*~ (stealth).
 42632 | Vaults:3 | Reached XP level 20. HP: 120/132 MP: 27/27
 42635 | Vaults:3 | Received a gift from Okawaru
 42647 | Vaults:3 | Reached skill level 9 in Throwing
 42715 | Vaults:3 | 42715 ||| Stepping ~*~*~tactically~*~*~ (hiding).
 42875 | Vaults:3 | 42875 ||| INVOKING Heroism.
 42902 | Vaults:3 | 42902 ||| FLEEEEING.
 42903 | Vaults:3 | 42903 ||| FLEEEEING.
 42904 | Vaults:3 | 42904 ||| INVOKING Heroism.
 42905 | Abyss:2  | Cast into level 2 of the Abyss (a wizard)
 42911 | Abyss:2  | 42911 ||| Stepping randomly (disturbance).
 42912 | Abyss:2  | 42912 ||| Stepping randomly (disturbance).
 42913 | Abyss:2  | 42913 ||| Stepping randomly (disturbance).
 42914 | Abyss:2  | 42914 ||| Stepping randomly (disturbance).
 42917 | Abyss:2  | 42917 ||| Stepping randomly (disturbance).
 43054 | Abyss:2  | 43054 ||| Stepping ~*~*~tactically~*~*~ (hiding).
 43056 | Abyss:2  | 43056 ||| Stepping ~*~*~tactically~*~*~ (hiding).
 43095 | Abyss:2  | 43095 ||| Stepping ~*~*~tactically~*~*~ (stealth).
 43101 | Abyss:2  | 43101 ||| Stepping ~*~*~tactically~*~*~ (stealth).
 43114 | Abyss:2  | 43114 ||| Stepping ~*~*~tactically~*~*~ (stealth).
 43143 | Abyss:2  | 43143 ||| Stepping ~*~*~tactically~*~*~ (stealth).
 43144 | Abyss:2  | 43144 ||| Stepping ~*~*~tactically~*~*~ (stealth).
 43145 | Abyss:2  | 43145 ||| Stepping ~*~*~tactically~*~*~ (stealth).
 43204 | Abyss:2  | 43204 ||| INVOKING Heroism.
 43221 | Abyss:2  | Noticed a bone dragon
 43222 | Abyss:2  | 43222 ||| Stepping ~*~*~tactically~*~*~ (stealth).
 43235 | Abyss:2  | Killed a bone dragon
 43239 | Abyss:2  | 43239 ||| Stepping ~*~*~tactically~*~*~ (hiding).
 43243 | Abyss:2  | 43243 ||| INVOKING Heroism.
 43275 | Abyss:2  | 43275 ||| Stepping ~*~*~tactically~*~*~ (stealth).
 43280 | Abyss:2  | 43280 ||| Stepping ~*~*~tactically~*~*~ (hiding).
 43298 | Abyss:2  | 43298 ||| INVOKING Heroism.
 43304 | Vaults:3 | Escaped the Abyss
 43508 | Vaults:3 | 43508 ||| Stepping ~*~*~tactically~*~*~ (hiding).
 43511 | Vaults:3 | 43511 ||| Stepping ~*~*~tactically~*~*~ (hiding).
 43699 | Vaults:3 | 43699 ||| Stepping ~*~*~tactically~*~*~ (stealth).
 43701 | Vaults:3 | 43701 ||| Stepping ~*~*~tactically~*~*~ (stealth).
 43752 | Vaults:3 | Reached skill level 17 in Armour
 43877 | Vaults:3 | 43877 ||| Stepping ~*~*~tactically~*~*~ (hiding).
 43888 | Vaults:3 | Identified the +8 crystal plate armour "Vyimemp" {rElec
                  | rC+} (Okawaru gifted it to you on level 3 of the Vaults)
 43888 | Vaults:3 | Received a gift from Okawaru
 43994 | Vaults:3 | 43994 ||| Stepping ~*~*~tactically~*~*~ (stealth).
 44052 | Vaults:3 | Found Piupporgh's Weapon Shop.
 44175 | Vaults:3 | 44175 ||| Stepping ~*~*~tactically~*~*~ (hiding).
 44311 | Vaults:3 | 44311 ||| INVOKING Heroism.
 44400 | Vaults:3 | Noticed Margery
 44401 | Vaults:3 | 44401 ||| Stepping ~*~*~tactically~*~*~ (hiding).
 44402 | Vaults:3 | 44402 ||| Stepping ~*~*~tactically~*~*~ (hiding).
 44407 | Vaults:3 | 44407 ||| DRINKING 2 potions of resistance.
 44410 | Vaults:3 | 44410 ||| INVOKING Heroism.
 44417 | Vaults:3 | Killed Margery
 44678 | Vaults:3 | 44678 ||| INVOKING Heroism.
 44679 | Vaults:3 | 44679 ||| INVOKING Finesse.
 44814 | Vaults:3 | 44814 ||| Stepping ~*~*~tactically~*~*~ (stealth).
 44823 | Vaults:3 | 44823 ||| Stepping ~*~*~tactically~*~*~ (hiding).
 44824 | Vaults:3 | 44824 ||| Stepping ~*~*~tactically~*~*~ (hiding).
 44825 | Vaults:3 | 44825 ||| Stepping ~*~*~tactically~*~*~ (hiding).
 44845 | Vaults:3 | 44845 ||| UPGRADING to +8 crystal plate armour "Vyimemp"
                  | {rElec rC+}.
 44855 | Vaults:3 | 44855 ||| DROPPING +3 plate armour.
 44856 | Vaults:3 | 44856 ||| DROPPING +1 plate armour "Ehibupopi" {rF+}.
 44857 | Vaults:3 | 44857 ||| READING scroll labelled LYUSHO IWERIS.
 44857 | Vaults:3 | Identified a scroll of acquirement
 44857 | Vaults:3 | 44857 ||| ACQUIRING +5 heavy broad axe
 44857 | Vaults:3 | Acquired a +5 heavy broad axe
 44859 | Vaults:3 | 44859 ||| SWAPPING to +5 heavy broad axe.
 44860 | Vaults:3 | 44860 ||| DROPPING +2 heavy broad axe.
 45001 | Vaults:4 | Noticed Donald
 45005 | Vaults:4 | 45005 ||| Stepping ~*~*~tactically~*~*~ (hiding).
 45006 | Vaults:4 | 45006 ||| Stepping ~*~*~tactically~*~*~ (hiding).
 45009 | Vaults:4 | Killed Donald
 45041 | Vaults:4 | 45041 ||| Stepping ~*~*~tactically~*~*~ (hiding).
 45042 | Vaults:4 | 45042 ||| Stepping ~*~*~tactically~*~*~ (hiding).
 45055 | Vaults:4 | 45055 ||| INVOKING Heroism.
 45056 | Vaults:4 | 45056 ||| INVOKING Finesse.
 45076 | Vaults:4 | 45076 ||| Stepping ~*~*~tactically~*~*~ (hiding).
 45077 | Vaults:4 | 45077 ||| Stepping ~*~*~tactically~*~*~ (hiding).
 45079 | Vaults:4 | 45079 ||| Stepping ~*~*~tactically~*~*~ (stealth).
 45383 | Vaults:4 | Received a gift from Okawaru
 45464 | Vaults:4 | 45464 ||| INVOKING Heroism.
 45553 | Vaults:4 | 45553 ||| Stepping ~*~*~tactically~*~*~ (stealth).
 45554 | Vaults:4 | 45554 ||| Stepping ~*~*~tactically~*~*~ (stealth).
 45565 | Vaults:4 | Reached skill level 18 in Armour
 45811 | Vaults:4 | 45811 ||| Stepping ~*~*~tactically~*~*~ (stealth).
 45875 | Vaults:4 | Noticed Mennas
 45876 | Vaults:4 | 45876 ||| DRINKING 6 potions of curing.
 45876 | Vaults:4 | 45876 ||| (to cure confusion)
 45877 | Vaults:4 | 45877 ||| INVOKING Heroism.
 45878 | Vaults:4 | 45878 ||| INVOKING Finesse.
 45887 | Vaults:4 | 45887 ||| DRINKING 5 potions of curing.
 45887 | Vaults:4 | 45887 ||| (to cure confusion)
 45888 | Vaults:4 | 45888 ||| DRINKING 4 potions of curing.
 45888 | Vaults:4 | 45888 ||| (to cure confusion)
 45891 | Vaults:4 | 45891 ||| DRINKING 3 potions of curing.
 45891 | Vaults:4 | 45891 ||| (to cure confusion)
 45897 | Vaults:4 | Killed Mennas
 45898 | Vaults:4 | Reached XP level 21. HP: 126/140 MP: 22/28
 45986 | Vaults:4 | 45986 ||| INVOKING Finesse.
 46028 | Vaults:4 | 46028 ||| Stepping ~*~*~tactically~*~*~ (hiding).
 46046 | Vaults:4 | 46046 ||| Stepping ~*~*~tactically~*~*~ (stealth).
 46434 | Vaults:4 | 46434 ||| FLEEEEING.
 46436 | Vaults:4 | 46436 ||| FLEEEEING.
 46437 | Vaults:4 | 46437 ||| FLEEEEING.
 46438 | Vaults:4 | 46438 ||| FLEEEEING.
 46441 | Vaults:4 | 46441 ||| FLEEEEING.
 46442 | Vaults:4 | 46442 ||| FLEEEEING.
 46443 | Vaults:4 | 46443 ||| FLEEEEING.
 46444 | Vaults:4 | 46444 ||| FLEEEEING.
 46445 | Vaults:4 | 46445 ||| FLEEEEING.
 46446 | Vaults:4 | 46446 ||| FLEEEEING.
 46447 | Vaults:4 | 46447 ||| FLEEEEING.
 46448 | Vaults:4 | 46448 ||| FLEEEEING.
 46449 | Vaults:4 | 46449 ||| FLEEEEING.
 46450 | Vaults:4 | 46450 ||| FLEEEEING.
 46451 | Vaults:4 | 46451 ||| FLEEEEING.
 46452 | Vaults:4 | 46452 ||| FLEEEEING.
 46453 | Vaults:4 | 46453 ||| FLEEEEING.
 46454 | Vaults:4 | 46454 ||| FLEEEEING.
 46455 | Vaults:4 | 46455 ||| FLEEEEING.
 46456 | Vaults:4 | 46456 ||| FLEEEEING.
 46457 | Vaults:4 | 46457 ||| FLEEEEING.
 46462 | Vaults:4 | 46462 ||| FLEEEEING.
 46463 | Vaults:4 | 46463 ||| FLEEEEING.
 46464 | Vaults:4 | 46464 ||| FLEEEEING.
 46465 | Vaults:4 | 46465 ||| FLEEEEING.
 46466 | Vaults:4 | 46466 ||| FLEEEEING.
 46470 | Vaults:4 | 46470 ||| STAIRDANCE
 46575 | Vaults:4 | 46575 ||| STAIRDANCE
 46730 | Vaults:4 | 46730 ||| PLANNING SHOALS:4
 46730 | Vaults:4 | 46730 ||| UPGRADING to +2 pair of gloves of infusion.
 46740 | Vaults:4 | 46740 ||| DROPPING +1 pair of gloves of the Illusory Suns
                  | {Will+ Int+3 Dex-4 Stlth+}.
 47209 | Shoals:4 | Entered Level 4 of the Shoals
 47211 | Shoals:4 | 47211 ||| STAIRDANCE
 47216 | Shoals:3 | Received a gift from Okawaru
 47243 | Shoals:4 | 47243 ||| INVOKING Heroism.
 47247 | Shoals:4 | Reached skill level 19 in Armour
 47428 | Shoals:4 | 47428 ||| Stepping ~*~*~tactically~*~*~ (hiding).
 47465 | Shoals:4 | 47465 ||| Stepping ~*~*~tactically~*~*~ (hiding).
 47467 | Shoals:4 | 47467 ||| Stepping ~*~*~tactically~*~*~ (hiding).
 47469 | Shoals:4 | 47469 ||| Stepping ~*~*~tactically~*~*~ (hiding).
 47474 | Shoals:4 | 47474 ||| FLEEEEING.
 47475 | Shoals:4 | 47475 ||| FLEEEEING.
 47476 | Shoals:4 | 47476 ||| Stepping ~*~*~tactically~*~*~ (stealth).
 47482 | Shoals:4 | 47482 ||| FLEEEEING.
 47483 | Shoals:4 | 47483 ||| Stepping ~*~*~tactically~*~*~ (hiding).
 47485 | Shoals:4 | 47485 ||| Stepping ~*~*~tactically~*~*~ (hiding).
 47486 | Shoals:4 | 47486 ||| Stepping ~*~*~tactically~*~*~ (hiding).
 47508 | Shoals:4 | 47508 ||| Stepping ~*~*~tactically~*~*~ (hiding).
 47510 | Shoals:4 | 47510 ||| INVOKING Heroism.
 47511 | Shoals:4 | 47511 ||| INVOKING Finesse.
 47514 | Shoals:4 | Received a gift from Okawaru
 47628 | Shoals:4 | 47628 ||| Stepping ~*~*~tactically~*~*~ (hiding).
 47630 | Shoals:4 | 47630 ||| Stepping ~*~*~tactically~*~*~ (hiding).
 47667 | Shoals:4 | 47667 ||| INVOKING Heroism.
 47674 | Shoals:4 | HP: 33/140 [snapping turtle (8)]
 47675 | Shoals:4 | 47675 ||| READING 12 scrolls of teleportation.
 47676 | Shoals:4 | 47676 ||| DRINKING 4 potions of heal wounds.
 47974 | Shoals:4 | 47974 ||| FLEEEEING.
 48004 | Shoals:4 | 48004 ||| Stepping ~*~*~tactically~*~*~ (stealth).
 48019 | Shoals:4 | 48019 ||| Stepping ~*~*~tactically~*~*~ (hiding).
 48022 | Shoals:4 | 48022 ||| INVOKING Heroism.
 48044 | Shoals:4 | 48044 ||| Stepping ~*~*~tactically~*~*~ (hiding).
 48106 | Shoals:4 | 48106 ||| Stepping ~*~*~tactically~*~*~ (stealth).
 48107 | Shoals:4 | 48107 ||| Stepping ~*~*~tactically~*~*~ (stealth).
 48108 | Shoals:4 | 48108 ||| Stepping ~*~*~tactically~*~*~ (stealth).
 48148 | Shoals:4 | 48148 ||| FLEEEEING.
 48154 | Shoals:4 | 48154 ||| Stepping ~*~*~tactically~*~*~ (hiding).
 48225 | Shoals:4 | 48225 ||| Stepping ~*~*~tactically~*~*~ (hiding).
 48267 | Shoals:4 | 48267 ||| Stepping ~*~*~tactically~*~*~ (stealth).
 48273 | Shoals:4 | 48273 ||| Stepping ~*~*~tactically~*~*~ (stealth).
 48283 | Shoals:4 | 48283 ||| Stepping ~*~*~tactically~*~*~ (hiding).
 48297 | Shoals:4 | Reached skill level 20 in Armour
 48318 | Shoals:4 | 48318 ||| Stepping ~*~*~tactically~*~*~ (stealth).
 48323 | Shoals:4 | 48323 ||| Stepping ~*~*~tactically~*~*~ (hiding).
 48324 | Shoals:4 | 48324 ||| Stepping ~*~*~tactically~*~*~ (hiding).
 48325 | Shoals:4 | 48325 ||| Stepping ~*~*~tactically~*~*~ (hiding).
 48331 | Shoals:4 | 48331 ||| INVOKING Heroism.
 48348 | Shoals:4 | 48348 ||| Stepping ~*~*~tactically~*~*~ (stealth).
 48363 | Shoals:4 | 48363 ||| Stepping ~*~*~tactically~*~*~ (stealth).
 48364 | Shoals:4 | 48364 ||| Stepping ~*~*~tactically~*~*~ (stealth).
 48375 | Shoals:4 | 48375 ||| Stepping ~*~*~tactically~*~*~ (stealth).
 48376 | Shoals:4 | 48376 ||| Stepping ~*~*~tactically~*~*~ (stealth).
 48402 | Shoals:4 | Noticed Polyphemus
 48403 | Shoals:4 | 48403 ||| Stepping ~*~*~tactically~*~*~ (stealth).
 48404 | Shoals:4 | 48404 ||| Stepping ~*~*~tactically~*~*~ (stealth).
 48427 | Shoals:4 | Killed Polyphemus
 48619 | Shoals:4 | 48619 ||| Stepping ~*~*~tactically~*~*~ (hiding).
 48622 | Shoals:4 | 48622 ||| Stepping ~*~*~tactically~*~*~ (hiding).
 48629 | Shoals:4 | 48629 ||| Stepping ~*~*~tactically~*~*~ (hiding).
 48636 | Shoals:4 | Identified the +0 helmet "Mevafuh" {Int+3 Slay+2} (Okawaru
                  | gifted it to you on level 4 of the Shoals)
 48636 | Shoals:4 | Received a gift from Okawaru
 48651 | Shoals:4 | 48651 ||| Stepping ~*~*~tactically~*~*~ (hiding).
 48652 | Shoals:4 | 48652 ||| Stepping ~*~*~tactically~*~*~ (hiding).
 48652 | Shoals:4 | Found the +2 hood of the Assassin {Detect Stab+ Stlth++}
 48653 | Shoals:4 | 48653 ||| Stepping ~*~*~tactically~*~*~ (stealth).
 48654 | Shoals:4 | 48654 ||| Stepping ~*~*~tactically~*~*~ (hiding).
 48655 | Shoals:4 | 48655 ||| Stepping ~*~*~tactically~*~*~ (hiding).
 48763 | Shoals:4 | Got a barnacled rune of Zot
 48811 | Shoals:4 | 48811 ||| Stepping ~*~*~tactically~*~*~ (stealth).
 49038 | Shoals:4 | Noticed Aizul
 49039 | Shoals:4 | 49039 ||| Stepping ~*~*~tactically~*~*~ (hiding).
 49048 | Shoals:4 | Killed Aizul
 49112 | Shoals:4 | 49112 ||| PLANNING DEPTHS
 49112 | Shoals:4 | 49112 ||| UPGRADING to +0 helmet "Mevafuh" {Int+3 Slay+2}.
 49122 | Shoals:4 | 49122 ||| DROPPING +1 helmet.
 49123 | Shoals:4 | 49123 ||| DROPPING amulet of magic regeneration.
 49468 | Depths:1 | Entered Level 1 of the Depths
 49582 | Depths:1 | Found a gateway to Hell.
 49586 | Depths:1 | 49586 ||| INVOKING Heroism.
 49711 | Depths:1 | Identified the +7 morningstar "Keer" {heavy, rN+ Int-3
                  | SInv}
 49736 | Depths:1 | 49736 ||| INVOKING Heroism.
 49740 | Depths:1 | Reached skill level 21 in Armour
 49798 | Depths:1 | 49798 ||| INVOKING Heroism.
 49808 | Depths:1 | 49808 ||| Stepping ~*~*~tactically~*~*~ (stealth).
 49809 | Depths:1 | 49809 ||| Stepping ~*~*~tactically~*~*~ (stealth).
 49819 | Depths:1 | 49819 ||| Stepping ~*~*~tactically~*~*~ (hiding).
 49918 | Depths:1 | 49918 ||| INVOKING Heroism.
 50016 | Depths:1 | 50016 ||| FLEEEEING.
 50017 | Depths:1 | 50017 ||| FLEEEEING.
 50023 | Depths:1 | 50023 ||| FLEEEEING.
 50024 | Depths:1 | 50024 ||| FLEEEEING.
 50027 | Depths:1 | 50027 ||| FLEEEEING.
 50030 | Depths:1 | 50030 ||| FLEEEEING.
 50031 | Depths:1 | 50031 ||| FLEEEEING.
 50037 | Depths:1 | 50037 ||| FLEEEEING.
 50050 | Depths:1 | 50050 ||| Stepping ~*~*~tactically~*~*~ (hiding).
 50082 | Depths:1 | 50082 ||| FLEEEEING.
 50083 | Depths:1 | 50083 ||| FLEEEEING.
 50084 | Depths:1 | 50084 ||| FLEEEEING.
 50085 | Depths:1 | 50085 ||| FLEEEEING.
 50086 | Depths:1 | 50086 ||| FLEEEEING.
 50088 | Depths:1 | 50088 ||| FLEEEEING.
 50089 | Depths:1 | 50089 ||| FLEEEEING.
 50090 | Depths:1 | 50090 ||| FLEEEEING.
 50091 | Depths:1 | 50091 ||| FLEEEEING.
 50092 | Depths:1 | 50092 ||| FLEEEEING.
 50093 | Depths:1 | 50093 ||| FLEEEEING.
 50094 | Depths:1 | 50094 ||| FLEEEEING.
 50095 | Depths:1 | 50095 ||| FLEEEEING.
 50096 | Depths:1 | 50096 ||| FLEEEEING.
 50097 | Depths:1 | 50097 ||| FLEEEEING.
 50098 | Depths:1 | 50098 ||| FLEEEEING.
 50099 | Depths:1 | 50099 ||| FLEEEEING.
 50110 | Depths:1 | 50110 ||| INVOKING Heroism.
 50219 | Depths:1 | Found Cejy's Distillery.
 50219 | Depths:1 | Found Ciewax's Jewellery Emporium.
 50227 | Depths:1 | 50227 ||| BUYING potion of attraction (51 gold).
 50227 | Depths:1 | Bought a potion of attraction for 51 gold pieces
 50227 | Depths:1 | 50227 ||| BUYING potion of attraction (51 gold).
 50227 | Depths:1 | Bought a potion of attraction for 51 gold pieces
 50227 | Depths:1 | 50227 ||| BUYING potion of cancellation (136 gold).
 50227 | Depths:1 | Bought a potion of cancellation for 136 gold pieces
 50227 | Depths:1 | 50227 ||| BUYING potion of curing (51 gold).
 50227 | Depths:1 | Bought a potion of curing for 51 gold pieces
 50227 | Depths:1 | 50227 ||| BUYING potion of curing (51 gold).
 50227 | Depths:1 | Bought a potion of curing for 51 gold pieces
 50227 | Depths:1 | 50227 ||| BUYING potion of curing (51 gold).
 50227 | Depths:1 | Bought a potion of curing for 51 gold pieces
 50227 | Depths:1 | 50227 ||| BUYING potion of enlightenment (85 gold).
 50227 | Depths:1 | Bought a potion of enlightenment for 85 gold pieces
 50227 | Depths:1 | 50227 ||| BUYING potion of magic (136 gold).
 50227 | Depths:1 | Bought a potion of magic for 136 gold pieces
 50227 | Depths:1 | 50227 ||| BUYING potion of mutation (136 gold).
 50227 | Depths:1 | Bought a potion of mutation for 136 gold pieces
 50233 | Depths:1 | 50233 ||| BUYING ring "Tevamn" {rElec rCorr Int+6} (1000
                  | gold).
 50233 | Depths:1 | Bought the ring "Tevamn" {rElec rCorr Int+6} for 1000 gold
                  | pieces
 50233 | Depths:1 | 50233 ||| BUYING ring of fire (450 gold).
 50233 | Depths:1 | Bought a ring of fire for 450 gold pieces
 50233 | Depths:1 | 50233 ||| BUYING ring of resist corrosion (360 gold).
 50233 | Depths:1 | Bought a ring of resist corrosion for 360 gold pieces
 50344 | Depths:1 | 50344 ||| INVOKING Heroism.
 50362 | Depths:1 | Reached skill level 18 in Fighting
 50602 | Depths:1 | 50602 ||| INVOKING Heroism.
 50626 | Depths:1 | 50626 ||| Stepping ~*~*~tactically~*~*~ (hiding).
 50692 | Depths:1 | 50692 ||| Stepping ~*~*~tactically~*~*~ (stealth).
 50693 | Depths:1 | 50693 ||| Stepping ~*~*~tactically~*~*~ (stealth).
 50695 | Depths:1 | 50695 ||| INVOKING Heroism.
 50697 | Depths:1 | Noticed a juggernaut
 50707 | Depths:1 | Killed a juggernaut
 50964 | Depths:1 | 50964 ||| READING scroll labelled FESYLIN BETEOC.
 51068 | Depths:2 | Found a one-way gateway to a ziggurat.
 51082 | Depths:2 | 51082 ||| INVOKING Heroism.
 51095 | Depths:2 | Reached XP level 22. HP: 126/147 MP: 7/29
 51307 | Depths:2 | Found a one-way gate leading to the halls of Pandemonium.
 51425 | Depths:2 | Noticed a caustic shrike
 51426 | Depths:2 | 51426 ||| INVOKING Heroism.
 51435 | Depths:2 | Killed a caustic shrike
 51463 | Depths:2 | HP: 23/147 [disintegration (33)]
 51478 | Depths:2 | 51478 ||| READING 11 scrolls of teleportation.
 51479 | Depths:2 | 51479 ||| DRINKING 3 potions of heal wounds.
 51480 | Depths:2 | 51480 ||| INVOKING Heroism.
 51504 | Depths:2 | 51504 ||| Stepping ~*~*~tactically~*~*~ (hiding).
 51505 | Depths:2 | 51505 ||| Stepping ~*~*~tactically~*~*~ (hiding).
 51770 | Depths:2 | Found a one-way gate to the infinite horrors of the Abyss.
 52072 | Depths:2 | 52072 ||| Stepping ~*~*~tactically~*~*~ (hiding).
 52073 | Depths:2 | 52073 ||| Stepping ~*~*~tactically~*~*~ (hiding).
 52079 | Depths:2 | 52079 ||| INVOKING Heroism.
 52437 | Depths:2 | Identified the +1 helmet of Leosoy {+Inv Regen+ Str+3
                  | Stlth+}
 52473 | Depths:2 | 52473 ||| DROPPING scarf of harm.
 52474 | Depths:2 | 52474 ||| UPGRADING to +1 helmet of Leosoy {+Inv Regen+
                  | Str+3 Stlth+}.
 52484 | Depths:2 | 52484 ||| DROPPING +0 helmet "Mevafuh" {Int+3 Slay+2}.
 52510 | Depths:2 | 52510 ||| INVOKING Heroism.
 52517 | Depths:2 | Received a gift from Okawaru
 52609 | Depths:3 | 52609 ||| INVOKING Heroism.
 52629 | Depths:3 | 52629 ||| Stepping ~*~*~tactically~*~*~ (hiding).
 52763 | Depths:3 | 52763 ||| INVOKING Heroism.
 52765 | Depths:3 | Reached skill level 22 in Armour
 52939 | Depths:3 | 52939 ||| Stepping ~*~*~tactically~*~*~ (hiding).
 52942 | Depths:3 | 52942 ||| Stepping ~*~*~tactically~*~*~ (hiding).
 53019 | Depths:3 | 53019 ||| FLEEEEING.
 53033 | Depths:3 | 53033 ||| FLEEEEING.
 53034 | Depths:3 | 53034 ||| FLEEEEING.
 53042 | Depths:3 | 53042 ||| FLEEEEING.
 53043 | Depths:3 | 53043 ||| FLEEEEING.
 53044 | Depths:3 | 53044 ||| FLEEEEING.
 53045 | Depths:3 | 53045 ||| FLEEEEING.
 53050 | Depths:3 | 53050 ||| STAIRDANCE
 53090 | Depths:2 | 53090 ||| DROPPING +6 ring of dexterity.
 53130 | Depths:3 | 53130 ||| FLEEEEING.
 53131 | Depths:3 | 53131 ||| FLEEEEING.
 53132 | Depths:3 | 53132 ||| FLEEEEING.
 53135 | Depths:3 | 53135 ||| Stepping ~*~*~tactically~*~*~ (hiding).
 53136 | Depths:3 | 53136 ||| Stepping ~*~*~tactically~*~*~ (hiding).
 53144 | Depths:3 | 53144 ||| Stepping ~*~*~tactically~*~*~ (stealth).
 53156 | Depths:3 | 53156 ||| Stepping ~*~*~tactically~*~*~ (stealth).
 53157 | Depths:3 | 53157 ||| Stepping ~*~*~tactically~*~*~ (stealth).
 53158 | Depths:3 | 53158 ||| Stepping ~*~*~tactically~*~*~ (stealth).
 53164 | Depths:3 | 53164 ||| Stepping ~*~*~tactically~*~*~ (hiding).
 53178 | Depths:3 | 53178 ||| FLEEEEING.
 53179 | Depths:3 | 53179 ||| FLEEEEING.
 53185 | Depths:3 | 53185 ||| FLEEEEING.
 53186 | Depths:3 | 53186 ||| FLEEEEING.
 53187 | Depths:3 | 53187 ||| FLEEEEING.
 53188 | Depths:3 | 53188 ||| FLEEEEING.
 53189 | Depths:3 | 53189 ||| FLEEEEING.
 53190 | Depths:3 | 53190 ||| FLEEEEING.
 53194 | Depths:3 | 53194 ||| FLEEEEING.
 53195 | Depths:3 | 53195 ||| STAIRDANCE
 53204 | Depths:3 | 53204 ||| INVOKING Heroism.
 53265 | Depths:3 | 53265 ||| Stepping ~*~*~tactically~*~*~ (hiding).
 53271 | Depths:3 | 53271 ||| FLEEEEING.
 53272 | Depths:3 | 53272 ||| FLEEEEING.
 53273 | Depths:3 | 53273 ||| FLEEEEING.
 53274 | Depths:3 | 53274 ||| FLEEEEING.
 53275 | Depths:3 | 53275 ||| FLEEEEING.
 53276 | Depths:3 | 53276 ||| FLEEEEING.
 53277 | Depths:3 | 53277 ||| FLEEEEING.
 53278 | Depths:3 | 53278 ||| FLEEEEING.
 53279 | Depths:3 | 53279 ||| FLEEEEING.
 53280 | Depths:3 | 53280 ||| FLEEEEING.
 53283 | Depths:3 | 53283 ||| FLEEEEING.
 53284 | Depths:3 | 53284 ||| FLEEEEING.
 53285 | Depths:3 | 53285 ||| FLEEEEING.
 53286 | Depths:3 | 53286 ||| FLEEEEING.
 53293 | Depths:3 | 53293 ||| FLEEEEING.
 53294 | Depths:3 | 53294 ||| FLEEEEING.
 53295 | Depths:3 | 53295 ||| FLEEEEING.
 53296 | Depths:3 | 53296 ||| FLEEEEING.
 53297 | Depths:3 | 53297 ||| FLEEEEING.
 53298 | Depths:3 | 53298 ||| FLEEEEING.
 53299 | Depths:3 | 53299 ||| FLEEEEING.
 53300 | Depths:3 | 53300 ||| FLEEEEING.
 53301 | Depths:3 | 53301 ||| FLEEEEING.
 53302 | Depths:3 | 53302 ||| FLEEEEING.
 53303 | Depths:3 | 53303 ||| FLEEEEING.
 53304 | Depths:3 | 53304 ||| FLEEEEING.
 53305 | Depths:3 | 53305 ||| FLEEEEING.
 53309 | Depths:3 | 53309 ||| STAIRDANCE
 53319 | Depths:3 | 53319 ||| STAIRDANCE
 53374 | Depths:3 | 53374 ||| Stepping ~*~*~tactically~*~*~ (stealth).
 53376 | Depths:3 | 53376 ||| INVOKING Heroism.
 53423 | Depths:3 | 53423 ||| Stepping ~*~*~tactically~*~*~ (stealth).
 53427 | Depths:3 | 53427 ||| INVOKING Heroism.
 53432 | Depths:3 | Received a gift from Okawaru
 53549 | Depths:3 | 53549 ||| FLEEEEING.
 53630 | Depths:3 | 53630 ||| FLEEEEING.
 53631 | Depths:3 | 53631 ||| FLEEEEING.
 53632 | Depths:3 | 53632 ||| FLEEEEING.
 53709 | Depths:3 | 53709 ||| FLEEEEING.
 53710 | Depths:3 | 53710 ||| FLEEEEING.
 53711 | Depths:3 | 53711 ||| FLEEEEING.
 53724 | Depths:3 | 53724 ||| FLEEEEING.
 53725 | Depths:3 | 53725 ||| FLEEEEING.
 53726 | Depths:3 | 53726 ||| FLEEEEING.
 53727 | Depths:3 | 53727 ||| FLEEEEING.
 53728 | Depths:3 | 53728 ||| FLEEEEING.
 53729 | Depths:3 | 53729 ||| FLEEEEING.
 53730 | Depths:3 | 53730 ||| FLEEEEING.
 53734 | Depths:3 | 53734 ||| FLEEEEING.
 53749 | Depths:3 | 53749 ||| FLEEEEING.
 53750 | Depths:3 | 53750 ||| FLEEEEING.
 53751 | Depths:3 | 53751 ||| FLEEEEING.
 53822 | Depths:3 | 53822 ||| Stepping ~*~*~tactically~*~*~ (stealth).
 53823 | Depths:3 | 53823 ||| Stepping ~*~*~tactically~*~*~ (stealth).
 53829 | Depths:3 | 53829 ||| Stepping ~*~*~tactically~*~*~ (hiding).
 53830 | Depths:3 | 53830 ||| Stepping ~*~*~tactically~*~*~ (hiding).
 53846 | Depths:3 | 53846 ||| Stepping ~*~*~tactically~*~*~ (stealth).
 53858 | Depths:3 | Received a gift from Okawaru
 54031 | Depths:3 | 54031 ||| Stepping ~*~*~tactically~*~*~ (stealth).
 54037 | Depths:3 | 54037 ||| Stepping ~*~*~tactically~*~*~ (hiding).
 54539 | Depths:4 | Entered Level 4 of the Depths
 54556 | Depths:4 | 54556 ||| FLEEEEING.
 54557 | Depths:4 | 54557 ||| STAIRDANCE
 54583 | Depths:4 | Received a gift from Okawaru
 54733 | Depths:4 | 54733 ||| Stepping ~*~*~tactically~*~*~ (hiding).
 54734 | Depths:4 | 54734 ||| Stepping ~*~*~tactically~*~*~ (hiding).
 54735 | Depths:4 | 54735 ||| Stepping ~*~*~tactically~*~*~ (hiding).
 54736 | Depths:4 | 54736 ||| Stepping ~*~*~tactically~*~*~ (hiding).
 54812 | Depths:4 | Found a gate to the Realm of Zot.
 54813 | Depths:4 | 54813 ||| INVOKING Heroism.
 55014 | Depths:4 | Found a transporter.
 55015 | Depths:4 | Noticed qw's ghost (veteran GrFi)
 55016 | Depths:4 | Noticed a dread lich
 55019 | Depths:4 | Found a transporter.
 55057 | Depths:4 | 55057 ||| INVOKING Heroism.
 55142 | Depths:4 | 55142 ||| Stepping ~*~*~tactically~*~*~ (stealth).
 55145 | Depths:4 | 55145 ||| INVOKING Finesse.
 55146 | Depths:4 | 55146 ||| Stepping ~*~*~tactically~*~*~ (hiding).
 55147 | Depths:4 | 55147 ||| Stepping ~*~*~tactically~*~*~ (hiding).
 55158 | Depths:4 | 55158 ||| Stepping ~*~*~tactically~*~*~ (stealth).
 55160 | Depths:4 | 55160 ||| INVOKING Heroism.
 55287 | Depths:4 | 55287 ||| Stepping ~*~*~tactically~*~*~ (hiding).
 55352 | Depths:4 | 55352 ||| DROPPING scarf of invisibility.
 55353 | Depths:4 | 55353 ||| DROPPING 6 silver boomerangs.
 55354 | Depths:4 | 55354 ||| DROPPING 50 boomerangs.
 55355 | Depths:4 | 55355 ||| DROPPING 3 boomerangs of dispersal.
 55448 | Depths:4 | 55448 ||| FLEEEEING.
 55454 | Depths:4 | 55454 ||| INVOKING Heroism.
 55455 | Depths:4 | 55455 ||| INVOKING Finesse.
 55571 | Depths:4 | Found Mehaewerr's General Store.
 55604 | Depths:4 | 55604 ||| BUYING wand of digging (8) (403 gold).
 55604 | Depths:4 | Bought a wand of digging (8) for 403 gold pieces
 55654 | Depths:4 | 55654 ||| Stepping ~*~*~tactically~*~*~ (hiding).
 55682 | Depths:4 | Reached XP level 23. HP: 139/156 MP: 23/30
 55918 | Depths:4 | 55918 ||| Stepping ~*~*~tactically~*~*~ (hiding).
 55920 | Depths:4 | 55920 ||| Stepping ~*~*~tactically~*~*~ (hiding).
 56192 | Depths:4 | 56192 ||| INVOKING Finesse.
 56196 | Depths:4 | Noticed a caustic shrike
 56197 | Depths:4 | 56197 ||| INVOKING Heroism.
 56197 | Depths:4 | Noticed a caustic shrike
 56198 | Depths:4 | Noticed a caustic shrike
 56203 | Depths:4 | 56203 ||| Stepping ~*~*~tactically~*~*~ (hiding).
 56208 | Depths:4 | Killed a caustic shrike
 56209 | Depths:4 | Killed a caustic shrike
 56212 | Depths:4 | Killed a caustic shrike
 56421 | Depths:4 | Received a gift from Okawaru
 56433 | Depths:4 | 56433 ||| PLANNING VAULTS:5
 56708 | Vaults:5 | Entered Level 5 of the Vaults
 56709 | Vaults:5 | 56709 ||| INVOKING Heroism.
 56713 | Vaults:5 | 56713 ||| INVOKING Finesse.
 56715 | Vaults:5 | Reached skill level 21 in Shields
 56717 | Vaults:5 | Noticed an ancient lich
 56718 | Vaults:5 | Received a gift from Okawaru
 56730 | Vaults:5 | Noticed a dread lich
 56733 | Vaults:5 | 56733 ||| STAIRDANCE
 56739 | Vaults:4 | Killed an ancient lich
 56877 | Vaults:5 | 56877 ||| INVOKING Heroism.
 56878 | Vaults:5 | 56878 ||| INVOKING Finesse.
 56878 | Vaults:5 | Paralysed by a dread lich for 5 turns
 56882 | Vaults:5 | HP: 37/158 [vault guard/+0 bardiche (16)]
 56883 | Vaults:5 | 56883 ||| READING 10 scrolls of teleportation.
 56884 | Vaults:5 | 56884 ||| DRINKING 2 potions of heal wounds.
 56887 | Vaults:5 | 56887 ||| DRINKING potion of heal wounds.
 56899 | Vaults:5 | Killed a dread lich
 56904 | Vaults:5 | Reached skill level 21 in Fighting
 56904 | Vaults:5 | HP: 14/159 [tengu reaver/+0 heavy war axe (35)]
 56905 | Vaults:5 | 56905 ||| READING 9 scrolls of teleportation.
 56909 | Vaults:5 | Found Zaoloc's Antique Armour Shoppe.
 56910 | Vaults:5 | 56910 ||| READING 8 scrolls of teleportation.
 56912 | Vaults:5 | HP: 9/157 [tengu reaver/bolt of lightning (2)]
 56921 | Vaults:5 | 56921 ||| READING 7 scrolls of teleportation.
 56923 | Vaults:5 | HP: 2/159 [sphinx/divine providence (14)]
 56927 | Vaults:5 | 56927 ||| READING 6 scrolls of teleportation.
 56927 | Vaults:5 | Killed from afar by a deep elf high priest

Levels and vault maps discovered:
D:1:      minmay_arrival_split_and_join, layout_loops_ring, serial_rivers,
          chequers_serial_rivers_marsh, chequers_serial_rivers_large_b,
          chequers_serial_rivers_micro_e, chequers_serial_rivers_marsh,
          chequers_serial_rivers_micro_e, minmay_worlds_worst_comb
D:2:      layout_loops_corners, minmay_increasing_density
D:3:      layout_basic, nicolae_uskayaw_murder_on_the_dancefloor,
          nicolae_ru_awakened_eye, lemuel_round_altar,
          hellmonk_ecumenical_altar_heavens_door, uniq_grinder, uniq_ijyb
D:4:      layout_rooms, nicolae_overflow_hallway_of_the_gods,
          minmay_temple_entry_stoned_glass, uniq_menkaure, uniq_duvessa
D:5:      layout_basic, chequers_temple_overflow_minitemple, serial_shops, shop,
          dk_noncrumbling_4, columned_hall_lemuel, grunt_ministairs_8,
          uniq_pikel
D:6:      layout_basic, elyvilon_altar_3
D:7:      layout_cave_pools, nicolae_ashenzari_skybound, serial_gnoll_camp,
          gnoll_camp_mini_shop, gnoll_camp_mini_basic, gnoll_camp_mini_hut,
          gnoll_camp_mini_loothouse
D:8:      layout_loops_corners, mainiacjoe_overflow_six_doors_small,
          erik_lair_orcish_takeover, serial_shops,
          nicolae_shop_tiny_real_fake_doors, minmay_tree_intersection,
          grunt_ministairs_14, nicolae_benzene_ring, nicolae_diode_intersection,
          uniq_grum, uniq_prince_ribbit1
D:9:      layout_basic, mainiacjoe_overflow_alcove_4, grunt_ministairs_6,
          minivault_13
D:10:     lemuel_bear_cage, layout_long_grid, trog_hazing_becter, serial_ice,
          serial_ice_n, serial_ice_m, serial_ice_k, serial_ice_a, serial_ice_f,
          serial_ice_d, serial_ice_e, uniq_erolcha, uniq_maurice
D:11:     layout_roguey, grunt_ministairs_2, minmay_misc_feat_rugged,
          uniq_fannar
D:12:     layout_roguey, orc_0_dummy, trove_entry_hex_spiral
D:13:     layout_loops_corners, gammafunk_ghost_crypt
D:14:     layout_roguey, david_vaults_5, serial_corexii_hall,
          corexii_hall_statues_l, chequers_hall_statues_wall_a,
          chequers_hall_statues_corner_a, corexii_hall_statues_x,
          corexii_hall_statues_u, corexii_hall_statues_s,
          chequers_serial_rivers_micro_a
D:15:     hangedman_depths_entry_civil_slaughter, layout_basic
Temple:   ebering_the_one_and_only
Lair:1:   layout_regular_city, gammafunk_ghost_split, uniq_nergalle
Lair:2:   layout_cave_pods, serial_forest, infiniplex_forest_clump_long,
          infiniplex_forest_lined_4_way, infiniplex_forest_lined_3,
          infiniplex_forest_lined_4_way, infiniplex_forest_clump_tiny,
          infiniplex_forest_end_2, infiniplex_forest_corner_1,
          beast_lair_carwin_2
Lair:3:   layout_regular_city, minmay_shoals_entry_centaurs,
          hellmonk_spider_entry_not_the_bees, gauntlet_entry_generic,
          nicolae_volcano_entry_lava_flow
Lair:4:   minmay_guarded_unrand_snakebite, layout_loops_ring, slime_entry_1,
          st_stairs_4, beast_lair_carwin_7, serial_bayou_shore_b,
          serial_bayou_shore_a, lemuel_fruit_tree
Lair:5:   evilmike_catoblepas_cave, layout_small_grid, minivault_25,
          st_stairs_13, nicolae_quartered_pool_medium
Shoals:1: layout_shoals
Shoals:2: layout_shoals, hangedman_feature_mirror, uniq_nikola
Shoals:3: layout_shoals, nicolae_alphabet_shops
Shoals:4: shoals_end_hellmonk_lost_city, serial_shops, uniq_polyphemus,
          uniq_aizul
Spider:1: layout_cave_pods
Spider:2: layout_spider_delve
Spider:3: layout_spider_delve, nicolae_spider_nooks_and_crannies, uniq_arachne,
          uniq_jorgrun
Spider:4: floodkiller_spider_rune_tomb, uniq_louise
Orc:1:    layout_diamond_mine, basic_altar
Orc:2:    st_orc_town, layout_diamond_mine, basic_altar, nicolae_orc_rockfall,
          lightli_orcish_oven
Vaults:1: v_pattern_1, vaults_mumra_bighexcomb, ontoclasm_vaults_fault,
          nicolae_vaults_oval_intersection, nicolae_vaults_house_2,
          nicolae_vaults_little_squares_3, layout_vaults_omnigrid
Vaults:2: hangedman_vaults_capsules, hangedman_vaults_impose,
          gammafunk_sealed_arena, hangedman_vaults_pinch,
          nicolae_vaults_frosty_reception, minmay_crypt_entry_necro_gods,
          nicolae_vaults_theta, ontoclasm_vaults_ligature, vaults_room_octagon,
          vaults_room_door_ring, ontoclasm_vaults_hangar, v_misc_3,
          vaults_room_door_hall, nicolae_vaults_yaktaur_gun_rack,
          ontoclasm_vaults_loading_screen, nicolae_vaults_house_2,
          layout_vaults_omnicross
Vaults:3: hangedman_vaults_stagger, nicolae_vaults_shipping_containers_5,
          vaults_room_pool, ontoclasm_vaults_shuriken, nicolae_vaults_theta,
          vaults_room_boxed, vaults_dpeg_encased_lava,
          nicolae_vaults_stairing_the_circle,
          nicolae_vaults_doubleplus_tesselated,
          nicolae_vaults_storage_closets_3,
          nicolae_vaults_taking_the_gang_shopping, nicolae_vaults_tetromino_Z_2,
          nicolae_vaults_tetromino_T_1, layout_vaults_omnibox, uniq_margery
Vaults:4: nicolae_vaults_swerve, nicolae_vaults_loss_of_containment,
          v_alt_pattern_3, nicolae_vaults_hexular_roomagon,
          nicolae_vaults_house_3, nicolae_vaults_asterisk,
          nicolae_vaults_mini_display_case, nicolae_vaults_tetromino_L_1,
          nicolae_vaults_gold_heap, layout_vaults_chaotic_city, uniq_donald,
          uniq_mennas
Vaults:5: serial_shops
Depths:1: minmay_the_grid_octo_triangle [minmay_the_grid_octo_clover,
          minmay_the_grid_octo_prize_single_spiral,
          minmay_the_grid_octo_concentric], layout_basic, solitary_fountain,
          lightli_too_deep, minivault_10, bh_walls_and_bars, minmay_shoptagon
Depths:2: evilmike_lava_path, layout_gridville, enter_ziggurat_e,
          hangedman_abyss_entry_splay, rand_demon_pan_entry_4, hellmouth_1,
          chequers_serial_rivers_room_a, infiniplex_staircase_pillars_1
Depths:3: kennysheep_blocky_hall, layout_twisted_cross, serial_glass,
          glass_columns_a, glass_columns_b, grunt_hell_entry_dis_mu,
          abyss_entry_small_statue_room, chequers_big_river, firewood_loft,
          infiniplex_staircase_river
Depths:4: grunt_zot_entry_funnels, layout_gridlike, serial_shops,
          nicolae_shop_waterfront, rand_demon_pan_entry_9, hell_entry,
          gammafunk_ghost_mausoleum

Skill      XL: |  1  2  3  4  5  6  7  8  9 10 11 12 13 14 15 16 17 18 19 20 21 22 23 |
---------------+----------------------------------------------------------------------+-----
Axes           | 2 3 5 6 7 9 10 12 13 14 16 17 18 | 18.0
Fighting       | 4 6 7 8 9 10 11 12 13 15 16 17 18 19 21 | 21.0
Throwing       | 1 3 4 5 6 8 9 10 11 | 11.3
Dodging        | 1 2 3 4 5 |  5.1
Shields        | 4 8 9 10 11 12 13 14 15 18 19 20 21 | 21.0
Armour         | 4 11 12 13 15 16 18 21 22 | 22.0
Invocations    | 3 4 5 9 10 | 10.0

Action                     |  1- 3 |  4- 6 |  7- 9 | 10-12 | 13-15 | 16-18 | 19-21 | 22-24 || total
---------------------------+-------+-------+-------+-------+-------+-------+-------+-------++-------
  Melee: War axe           |    18 |       |       |       |       |   912 |       |       ||   930
         Broad axe         |   134 |   128 |   236 |   419 |   968 |   567 |  1141 |   477 ||  4070
         Morningstar       |       |       |       |    11 |     6 |       |       |       ||    17
  Throw: Boomerang         |     1 |    44 |    53 |    72 |       |   181 |   133 |       ||   484
         Javelin           |       |       |    11 |    27 |    55 |    92 |    62 |   100 ||   347
 Invoke: Heroism           |       |       |     3 |    18 |    22 |    39 |    35 |    16 ||   133
         Finesse           |       |       |       |       |     1 |    10 |     6 |     5 ||    22
    Use: Scroll            |     3 |     4 |     6 |    10 |     8 |     7 |     4 |     6 ||    48
         Potion            |       |     2 |     2 |     2 |     3 |     3 |     7 |     3 ||    22
   Stab: Distracted        |       |       |       |       |       |       |     1 |     1 ||     2
 Armour: Scale mail        |    81 |    35 |       |       |       |       |       |       ||   116
         Chain mail        |       |    24 |   132 |    46 |       |       |       |       ||   202
         Plate armour      |       |       |       |   149 |   468 |   863 |   401 |       ||  1881
         Crystal plate arm |       |       |       |       |       |       |   366 |   454 ||   820
  Dodge: Dodged            |   114 |    94 |   156 |   215 |   403 |   628 |   450 |   257 ||  2317
  Block: Buckler           |    36 |    27 |    49 |     2 |       |       |       |       ||   114
         Kite shield       |       |       |       |   225 |   501 |   915 |    43 |       ||  1684
         Tower shield      |       |       |       |       |       |       |  1059 |   534 ||  1593

Table legend:
 A = Non-vault XP
 B = Vault XP
 C = Vault XP percentage of total XP
 D = Non-vault monster count
 E = Vault monster count
 F = Vault count percentage of total count
                 A         B        C        D         E       F
            +---------+---------+-------+---------+---------+-------
      Total |  452753 |  284431 |  38.6 |    1175 |     496 |  29.7
            +---------+---------+-------+---------+---------+-------
        D:1 |      43 |       4 |   8.5 |      23 |       2 |   8.0
        D:2 |      52 |      21 |  28.8 |      15 |       7 |  31.8
        D:3 |      39 |     324 |  89.3 |      14 |       2 |  12.5
        D:4 |     310 |     371 |  54.5 |      30 |       3 |   9.1
        D:5 |     474 |     727 |  60.5 |      11 |       3 |  21.4
        D:6 |     749 |       0 |   0.0 |      29 |       0 |   0.0
        D:7 |    1602 |     384 |  19.3 |      26 |      12 |  31.6
        D:8 |    1126 |    1425 |  55.9 |      23 |      15 |  39.5
        D:9 |    1439 |    1427 |  49.8 |      23 |       5 |  17.9
       D:10 |    2596 |    3159 |  54.9 |      12 |      20 |  62.5
       D:11 |    5217 |    1713 |  24.7 |      31 |       2 |   6.1
       D:12 |    2743 |       0 |   0.0 |      16 |       0 |   0.0
       D:13 |    4084 |       0 |   0.0 |      16 |       0 |   0.0
       D:14 |   17797 |    2228 |  11.1 |      34 |       3 |   8.1
       D:15 |    7820 |    4282 |  35.4 |      26 |       6 |  18.8
     Lair:1 |    3351 |     789 |  19.1 |      21 |       1 |   4.5
     Lair:2 |    5899 |    1259 |  17.6 |      24 |       4 |  14.3
     Lair:3 |    7648 |     946 |  11.0 |      25 |       8 |  24.2
     Lair:4 |    6924 |    6443 |  48.2 |      21 |      23 |  52.3
     Lair:5 |    9214 |   11981 |  56.5 |      33 |      24 |  42.1
   Shoals:1 |   16851 |       0 |   0.0 |      33 |       0 |   0.0
   Shoals:2 |    9864 |    3262 |  24.9 |      20 |       3 |  13.0
   Shoals:3 |   33630 |       0 |   0.0 |      63 |       0 |   0.0
   Shoals:4 |   18333 |   34611 |  65.4 |      42 |      49 |  53.8
   Spider:1 |   19289 |       0 |   0.0 |      43 |       0 |   0.0
   Spider:2 |   18157 |       0 |   0.0 |      52 |       0 |   0.0
   Spider:3 |    6234 |    8601 |  58.0 |      14 |       9 |  39.1
   Spider:4 |   17850 |   28421 |  61.4 |      47 |      54 |  53.5
      Orc:1 |    5643 |       0 |   0.0 |      46 |       0 |   0.0
      Orc:2 |    2906 |    6511 |  69.1 |      43 |      63 |  59.4
   Vaults:1 |   16841 |   12147 |  41.9 |      24 |      16 |  40.0
   Vaults:2 |   23017 |   17929 |  43.8 |      32 |      26 |  44.8
   Vaults:3 |   28272 |   23117 |  45.0 |      50 |      30 |  37.5
   Vaults:4 |   33109 |   12709 |  27.7 |      57 |       9 |  13.6
   Vaults:5 |    1529 |   33078 |  95.6 |       2 |      31 |  93.9
   Depths:1 |   15204 |   19305 |  55.9 |      15 |      18 |  54.5
   Depths:2 |    7882 |   22533 |  74.1 |      10 |      22 |  68.8
   Depths:3 |   45591 |    4151 |   8.3 |      58 |       5 |   7.9
   Depths:4 |   38826 |   20573 |  34.6 |      41 |      21 |  33.9
    Abyss:2 |   14598 |       0 |   0.0 |      30 |       0 |   0.0
            +---------+---------+-------+---------+---------+-------
